Workbook
Name Availability: Assumptions!$B$17
Name DegradationRate: Assumptions!#REF!
Name FcastMonth: #REF!
Name FcastMoNumber: #REF!
Name FcastYear: #REF!
Name FCMEffective: Assumptions!$B$22
Name FCMForecast: Assumptions!$B$24
Name ITC: #REF!
Name Losses: Assumptions!$B$20
Name Month18: #REF!
Name OffPeak: #REF!
Name OffPeak18: #REF!
Name OnPeak: #REF!
Name OnPeak18: #REF!
Name Reserve_Margin: Assumptions!$B$19
Name RNSEffective: Assumptions!$B$23
Name RNSForecast: Assumptions!$B$25
Name RoundTripEff: Assumptions!#REF!
Name Years_ITC_Recapture_Risk: Assumptions!#REF!

Sheet Assumptions
A1: Green Mountain Power Corporation Tesla Powerwall Analysis
A3: Started: | B3: 43479 | F3: Cell Color Code
A4: Requested by: | B4: Craig/Josh | F4: Calculation
A5: Avoided Costs: | B5: December 2018 Update | F5: Input
A6: Load and LMP History: | B6: December 2018 Rule 4.100 Avoided Costs
A9: Powerwall Cost | B9: 16300
A11: Customer Payment | B11: ='Single System'!J2 -> 55
A13: Tier 3 Value - MWH | B13: 19.4
A14: Tier 3 Value - $$ | B14: 25
A15: Total Tier 3 Value | B15: =B13*B14 -> 485
A17: Battery Availability | B17: 0.9
A19: Reserve Margin | B19: 0.3 | C19: This is the assumption that we model. The reserve requirement has been higher than this for several years but the ISO-NE target is 17%.
A20: Losses | B20: 0.089
A22: FCM Physical Effectiveness | B22: 1
A23: RNS Physical Effectiveness | B23: 0.99
A24: FCM Forecast Accuracy (% of Physical Effectiveness) | B24: 0.8
A25: RNS Forecast Accuracy (% of Physical Effectiveness) (Minimum Performance or Expected) | B25: 0.7
A27: Degradation -
A28: These are the results of a study done as part of the first program. | B28: Year | C28: RNS Deg | D28: FCM Deg
A29: Tesla ran simulations against the historical data, reducing the energy capacity of the battery | B29: 1 | C29: 0.99 | D29: 1
A30: This is used to determine 'Capacity Volume' and 'RNS Volume' on the Monthly tab. | B30: 2 | C30: 0.99 | D30: 1
B31: 3 | C31: 0.98 | D31: 1
B32: 4 | C32: 0.98 | D32: 1
B33: 5 | C33: 0.98 | D33: 1
B34: 6 | C34: 0.98 | D34: 1
B35: 7 | C35: 0.97 | D35: 1
B36: 8 | C36: 0.97 | D36: 1
B37: 9 | C37: 0.96 | D37: 1
B38: 10 | C38: 0.96 | D38: 1
B39: 11 | C39: 0.95 | D39: 1
B40: 12 | C40: 0.95 | D40: 1
B41: 13 | C41: 0.95 | D41: 1
B42: 14 | C42: 0.94 | D42: 1
B43: 15 | C43: 0.93 | D43: 1
A45: Failure Rate
A46: Zero failure rate through year 10 due to Tesla Warranty | B46: Year | C46: Failure | D46: Cum Fail
A47: Assumed failure rate starting year 11. | B47: 1 | C47: 0 | D47: =C47 -> 0
B48: 2 | C48: 0 | D48: =D47+C48 -> 0
B49: 3 | C49: 0 | D49: =D48+C49 -> 0
B50: 4 | C50: 0 | D50: =D49+C50 -> 0
B51: 5 | C51: 0 | D51: =D50+C51 -> 0
B52: 6 | C52: 0 | D52: =D51+C52 -> 0
B53: 7 | C53: 0 | D53: =D52+C53 -> 0
B54: 8 | C54: 0 | D54: =D53+C54 -> 0
B55: 9 | C55: 0 | D55: =D54+C55 -> 0
B56: 10 | C56: 0 | D56: =D55+C56 -> 0
B57: 11 | C57: 0.1 | D57: =D56+C57 -> 0.1
B58: 12 | C58: 0.15 | D58: =D57+C58 -> 0.25
B59: 13 | C59: 0.2 | D59: =D58+C59 -> 0.45
... B61: 15 | C61: 0.3 | D61: =D60+C61 -> 1

Sheet Monthly Capacity Value
A1: Green Mountain Power
A2: Analysis of Revenues Associated with Tesla Powerwall Pilot #2
A4: Project Year | C4: =IF(C6=$C6,1,C6+1-$C6) -> 1 | D4: =IF(D6=$C6,1,D6+1-$C6) -> 1 | E4: =IF(E6=$C6,1,E6+1-$C6) -> 1 | F4: =IF(F6=$C6,1,F6+1-$C6) -> 1 | G4: =IF(G6=$C6,1,G6+1-$C6) -> 1 | H4: =IF(H6=$C6,1,H6+1-$C6) -> 1 | I4: =IF(I6=$C6,1,I6+1-$C6) -> 1 | J4: =IF(J6=$C6,1,J6+1-$C6) -> 1 | ... GL4: =IF(GL6=$C6,1,GL6+1-$C6) -> 16
A5: Month | C5: 1 | D5: =IF(C5=12,1,C5+1) -> 2 | E5: =IF(D5=12,1,D5+1) -> 3 | F5: =IF(E5=12,1,E5+1) -> 4 | G5: =IF(F5=12,1,F5+1) -> 5 | H5: =IF(G5=12,1,G5+1) -> 6 | I5: =IF(H5=12,1,H5+1) -> 7 | J5: =IF(I5=12,1,I5+1) -> 8 | K5: =IF(J5=12,1,J5+1) -> 9 | ... FZ5: =IF(FY5=12,1,FY5+1) -> 12 | GA5: 1 | GB5: 2 | GC5: 3 | GD5: 4 | GE5: 5 | GF5: 6 | GG5: 7 | GH5: 8 | GI5: 9 | GJ5: 10 | GK5: 11 | GL5: 12
A6: Year | C6: 2023 | D6: =IF(C5=12,C6+1,C6) -> 2023 | E6: =IF(D5=12,D6+1,D6) -> 2023 | F6: =IF(E5=12,E6+1,E6) -> 2023 | G6: =IF(F5=12,F6+1,F6) -> 2023 | H6: =IF(G5=12,G6+1,G6) -> 2023 | I6: =IF(H5=12,H6+1,H6) -> 2023 | J6: =IF(I5=12,I6+1,I6) -> 2023 | K6: =IF(J5=12,J6+1,J6) -> 2023 | ... GL6: =IF(GK5=12,GK6+1,GK6) -> 2038
GN7: Peak
A8: Nominal Site Capacity - kW (0) | C8: =10*(1-VLOOKUP(C4,Assumptions!$B$47:$D$61,3)) -> 10 | D8: =10*(1-VLOOKUP(D4,Assumptions!$B$47:$D$61,3)) -> 10 | E8: =10*(1-VLOOKUP(E4,Assumptions!$B$47:$D$61,3)) -> 10 | F8: =10*(1-VLOOKUP(F4,Assumptions!$B$47:$D$61,3)) -> 10 | G8: =10*(1-VLOOKUP(G4,Assumptions!$B$47:$D$61,3)) -> 10 | H8: =10*(1-VLOOKUP(H4,Assumptions!$B$47:$D$61,3)) -> 10 | I8: =10*(1-VLOOKUP(I4,Assumptions!$B$47:$D$61,3)) -> 10 | J8: =10*(1-VLOOKUP(J4,Assumptions!$B$47:$D$61,3)) -> 10 | ... N8: =10*(1-VLOOKUP(N4,Assumptions!$B$47:$D$61,3)) -> 10 | O8: =10*(1-AVERAGE(VLOOKUP(O4,Assumptions!$B$47:$D$61,3),VLOOKUP(O4-1,Assumptions!$B$47:$D$61,3))) -> 10 | P8: =10*(1-AVERAGE(VLOOKUP(P4,Assumptions!$B$47:$D$61,3),VLOOKUP(P4-1,Assumptions!$B$47:$D$61,3))) -> 10 | Q8: =10*(1-AVERAGE(VLOOKUP(Q4,Assumptions!$B$47:$D$61,3),VLOOKUP(Q4-1,Assumptions!$B$47:$D$61,3))) -> 10 | R8: =10*(1-AVERAGE(VLOOKUP(R4,Assumptions!$B$47:$D$61,3),VLOOKUP(R4-1,Assumptions!$B$47:$D$61,3))) -> 10 | S8: =10*(1-AVERAGE(VLOOKUP(S4,Assumptions!$B$47:$D$61,3),VLOOKUP(S4-1,Assumptions!$B$47:$D$61,3))) -> 10 | T8: =10*(1-AVERAGE(VLOOKUP(T4,Assumptions!$B$47:$D$61,3),VLOOKUP(T4-1,Assumptions!$B$47:$D$61,3))) -> 10 | U8: =10*(1-AVERAGE(VLOOKUP(U4,Assumptions!$B$47:$D$61,3),VLOOKUP(U4-1,Assumptions!$B$47:$D$61,3))) -> 10 | V8: =10*(1-AVERAGE(VLOOKUP(V4,Assumptions!$B$47:$D$61,3),VLOOKUP(V4-1,Assumptions!$B$47:$D$61,3))) -> 10 | ... FZ8: =10*(1-AVERAGE(VLOOKUP(FZ4,Assumptions!$B$47:$D$61,3),VLOOKUP(FZ4-1,Assumptions!$B$47:$D$61,3))) -> 1.5 | GA8: 1.5 | GB8: 1.5 | GC8: 1.5 | GD8: 1.5 | GE8: 1.5 | GF8: 1.5 | GG8: 1.5 | GH8: 1.5 | GI8: 1.5 | GJ8: 1.5 | GK8: 1.5 | GL8: 1.5
A10: Capacity Volume (1) | C10: =IF(C5=8,ROUND(C8*VLOOKUP(C4,Assumptions!$B$29:$D$43,3)*Availability,3),0) -> 0 | D10: =IF(D5=8,ROUND(D8*VLOOKUP(D4,Assumptions!$B$29:$D$43,3)*Availability,3),0) -> 0 | E10: =IF(E5=8,ROUND(E8*VLOOKUP(E4,Assumptions!$B$29:$D$43,3)*Availability,3),0) -> 0 | F10: =IF(F5=8,ROUND(F8*VLOOKUP(F4,Assumptions!$B$29:$D$43,3)*Availability,3),0) -> 0 | G10: =IF(G5=8,ROUND(G8*VLOOKUP(G4,Assumptions!$B$29:$D$43,3)*Availability,3),0) -> 0 | H10: =IF(H5=8,ROUND(H8*VLOOKUP(H4,Assumptions!$B$29:$D$43,3)*Availability,3),0) -> 0 | I10: =IF(I5=8,ROUND(I8*VLOOKUP(I4,Assumptions!$B$29:$D$43,3)*Availability,3),0) -> 0 | J10: =IF(J5=8,ROUND(J8*VLOOKUP(J4,Assumptions!$B$29:$D$43,3)*Availability,3),0) -> 9 | ... FZ10: =IF(FZ5=8,ROUND(FZ8*VLOOKUP(FZ4,Assumptions!$B$29:$D$43,3)*Availability,3),0) -> 0 | GA10: 0 | GB10: 0 | GC10: 0 | GD10: 0 | GE10: 0 | GF10: 0 | GG10: 0 | GH10: 1.35 | GI10: 0 | GJ10: 0 | GK10: 0 | GL10: 0 | GN10: Month | GO10: Year | GP10: Beginning | GQ10: Ending | GR10: Volume
A11: RNS Volume (1) | C11: =ROUND(C8*VLOOKUP(C4,Assumptions!$B$29:$D$43,2)*Availability,3) -> 8.91 | D11: =ROUND(D8*VLOOKUP(D4,Assumptions!$B$29:$D$43,2)*Availability,3) -> 8.91 | E11: =ROUND(E8*VLOOKUP(E4,Assumptions!$B$29:$D$43,2)*Availability,3) -> 8.91 | F11: =ROUND(F8*VLOOKUP(F4,Assumptions!$B$29:$D$43,2)*Availability,3) -> 8.91 | G11: =ROUND(G8*VLOOKUP(G4,Assumptions!$B$29:$D$43,2)*Availability,3) -> 8.91 | H11: =ROUND(H8*VLOOKUP(H4,Assumptions!$B$29:$D$43,2)*Availability,3) -> 8.91 | I11: =ROUND(I8*VLOOKUP(I4,Assumptions!$B$29:$D$43,2)*Availability,3) -> 8.91 | J11: =ROUND(J8*VLOOKUP(J4,Assumptions!$B$29:$D$43,2)*Availability,3) -> 8.91 | ... GL11: =ROUND(GL8*VLOOKUP(GL4,Assumptions!$B$29:$D$43,2)*Availability,3) -> 1.256 | GN11: =GN12 -> 8 | GO11: =GO12+1 -> 2021 | GP11: =EOMONTH(GP12,11)+1 -> 44713 | GQ11: =EOMONTH(GQ12,12) -> 45077 | GR11: =SUMIFS($C$10:$FZ$10,$C$6:$FZ$6,GO11,$C$5:$FZ$5,GN11) -> 0
GN12: 8 | GO12: 2020 | GP12: 44348 | GQ12: 44712 | GR12: =SUMIFS($C$10:$FZ$10,$C$6:$FZ$6,GO12,$C$5:$FZ$5,GN12) -> 0
A13: Reserve Margin | C13: =Reserve_Margin -> 0.3 | D13: =Reserve_Margin -> 0.3 | E13: =Reserve_Margin -> 0.3 | F13: =Reserve_Margin -> 0.3 | G13: =Reserve_Margin -> 0.3 | H13: =Reserve_Margin -> 0.3 | I13: =Reserve_Margin -> 0.3 | J13: =Reserve_Margin -> 0.3 | ... GL13: =Reserve_Margin -> 0.3 | GN13: =GN11 -> 8 | GO13: =GO11+1 -> 2022 | GP13: =EOMONTH(GP11,11)+1 -> 45078 | GQ13: =EOMONTH(GQ11,12) -> 45443 | GR13: =SUMIFS($C$10:$FZ$10,$C$6:$FZ$6,GO13,$C$5:$FZ$5,GN13) -> 0
A14: Marginal Losses | C14: =Losses -> 0.089 | D14: =Losses -> 0.089 | E14: =Losses -> 0.089 | F14: =Losses -> 0.089 | G14: =Losses -> 0.089 | H14: =Losses -> 0.089 | I14: =Losses -> 0.089 | J14: =Losses -> 0.089 | ... GL14: =Losses -> 0.089 | GN14: =GN13 -> 8 | GO14: =GO13+1 -> 2023 | GP14: =EOMONTH(GP13,11)+1 -> 45444 | GQ14: =EOMONTH(GQ13,12) -> 45808 | GR14: =SUMIFS($C$10:$FZ$10,$C$6:$FZ$6,GO14,$C$5:$FZ$5,GN14) -> 9
GN15: =GN14 -> 8 | GO15: =GO14+1 -> 2024 | GP15: =EOMONTH(GP14,11)+1 -> 45809 | GQ15: =EOMONTH(GQ14,12) -> 46173 | GR15: =SUMIFS($C$10:$FZ$10,$C$6:$FZ$6,GO15,$C$5:$FZ$5,GN15) -> 9
A16: Adjusted Capacity Volume (2) | C16: =ROUND((SUMIFS($GR:$GR,$GP:$GP,"<="&DATEVALUE(C$5&"/1/"&C$6),$GQ:$GQ,">="&C$5&"/1/"&C$6))*(1+Losses)*(1+Reserve_Margin)*FCMEffective*FCMForecast,3) -> 0 | D16: =ROUND((SUMIFS($GR:$GR,$GP:$GP,"<="&DATEVALUE(D$5&"/1/"&D$6),$GQ:$GQ,">="&D$5&"/1/"&D$6))*(1+Losses)*(1+Reserve_Margin)*FCMEffective*FCMForecast,3) -> 0 | E16: =ROUND((SUMIFS($GR:$GR,$GP:$GP,"<="&DATEVALUE(E$5&"/1/"&E$6),$GQ:$GQ,">="&E$5&"/1/"&E$6))*(1+Losses)*(1+Reserve_Margin)*FCMEffective*FCMForecast,3) -> 0 | F16: =ROUND((SUMIFS($GR:$GR,$GP:$GP,"<="&DATEVALUE(F$5&"/1/"&F$6),$GQ:$GQ,">="&F$5&"/1/"&F$6))*(1+Losses)*(1+Reserve_Margin)*FCMEffective*FCMForecast,3) -> 0 | G16: =ROUND((SUMIFS($GR:$GR,$GP:$GP,"<="&DATEVALUE(G$5&"/1/"&G$6),$GQ:$GQ,">="&G$5&"/1/"&G$6))*(1+Losses)*(1+Reserve_Margin)*FCMEffective*FCMForecast,3) -> 0 | H16: =ROUND((SUMIFS($GR:$GR,$GP:$GP,"<="&DATEVALUE(H$5&"/1/"&H$6),$GQ:$GQ,">="&H$5&"/1/"&H$6))*(1+Losses)*(1+Reserve_Margin)*FCMEffective*FCMForecast,3) -> 0 | I16: =ROUND((SUMIFS($GR:$GR,$GP:$GP,"<="&DATEVALUE(I$5&"/1/"&I$6),$GQ:$GQ,">="&I$5&"/1/"&I$6))*(1+Losses)*(1+Reserve_Margin)*FCMEffective*FCMForecast,3) -> 0 | J16: =ROUND((SUMIFS($GR:$GR,$GP:$GP,"<="&DATEVALUE(J$5&"/1/"&J$6),$GQ:$GQ,">="&J$5&"/1/"&J$6))*(1+Losses)*(1+Reserve_Margin)*FCMEffective*FCMForecast,3) -> 0 | ... GL16: =ROUND((SUMIFS($GR:$GR,$GP:$GP,"<="&DATEVALUE(GL$5&"/1/"&GL$6),$GQ:$GQ,">="&GL$5&"/1/"&GL$6))*(1+Losses)*(1+Reserve_Margin)*FCMEffective*FCMForecast,3) -> 0 | GN16: =GN15 -> 8 | GO16: =GO15+1 -> 2025 | GP16: =EOMONTH(GP15,11)+1 -> 46174 | GQ16: =EOMONTH(GQ15,12) -> 46538 | GR16: =SUMIFS($C$10:$FZ$10,$C$6:$FZ$6,GO16,$C$5:$FZ$5,GN16) -> 9
A17: Adjusted RNS Volume (2) | C17: =ROUND(B11*(1+Losses)*RNSEffective*RNSForecast,3) -> 0 | D17: =ROUND(C11*(1+Losses)*RNSEffective*RNSForecast,3) -> 6.724 | E17: =ROUND(D11*(1+Losses)*RNSEffective*RNSForecast,3) -> 6.724 | F17: =ROUND(E11*(1+Losses)*RNSEffective*RNSForecast,3) -> 6.724 | G17: =ROUND(F11*(1+Losses)*RNSEffective*RNSForecast,3) -> 6.724 | H17: =ROUND(G11*(1+Losses)*RNSEffective*RNSForecast,3) -> 6.724 | I17: =ROUND(H11*(1+Losses)*RNSEffective*RNSForecast,3) -> 6.724 | J17: =ROUND(I11*(1+Losses)*RNSEffective*RNSForecast,3) -> 6.724 | ... GL17: =ROUND(GK11*(1+Losses)*RNSEffective*RNSForecast,3) -> 0.948 | GN17: =GN16 -> 8 | GO17: =GO16+1 -> 2026 | GP17: =EOMONTH(GP16,11)+1 -> 46539 | GQ17: =EOMONTH(GQ16,12) -> 46904 | GR17: =SUMIFS($C$10:$FZ$10,$C$6:$FZ$6,GO17,$C$5:$FZ$5,GN17) -> 9
GN18: =GN17 -> 8 | GO18: =GO17+1 -> 2027 | GP18: =EOMONTH(GP17,11)+1 -> 46905 | GQ18: =EOMONTH(GQ17,12) -> 47269 | GR18: =SUMIFS($C$10:$FZ$10,$C$6:$FZ$6,GO18,$C$5:$FZ$5,GN18) -> 9
A19: RNS Price - $/kW-month | C19: =SUMIF('Capacity Prices'!$H:$H,"="&DATEVALUE('Monthly Capacity Value'!C$5&"/1/"&'Monthly Capacity Value'!C$6),'Capacity Prices'!$I:$I) -> 12.25 | D19: =SUMIF('Capacity Prices'!$H:$H,"="&DATEVALUE('Monthly Capacity Value'!D$5&"/1/"&'Monthly Capacity Value'!D$6),'Capacity Prices'!$I:$I) -> 12.25 | E19: =SUMIF('Capacity Prices'!$H:$H,"="&DATEVALUE('Monthly Capacity Value'!E$5&"/1/"&'Monthly Capacity Value'!E$6),'Capacity Prices'!$I:$I) -> 12.25 | F19: =SUMIF('Capacity Prices'!$H:$H,"="&DATEVALUE('Monthly Capacity Value'!F$5&"/1/"&'Monthly Capacity Value'!F$6),'Capacity Prices'!$I:$I) -> 12.25 | G19: =SUMIF('Capacity Prices'!$H:$H,"="&DATEVALUE('Monthly Capacity Value'!G$5&"/1/"&'Monthly Capacity Value'!G$6),'Capacity Prices'!$I:$I) -> 12.25 | H19: =SUMIF('Capacity Prices'!$H:$H,"="&DATEVALUE('Monthly Capacity Value'!H$5&"/1/"&'Monthly Capacity Value'!H$6),'Capacity Prices'!$I:$I) -> 13 | I19: =SUMIF('Capacity Prices'!$H:$H,"="&DATEVALUE('Monthly Capacity Value'!I$5&"/1/"&'Monthly Capacity Value'!I$6),'Capacity Prices'!$I:$I) -> 13 | J19: =SUMIF('Capacity Prices'!$H:$H,"="&DATEVALUE('Monthly Capacity Value'!J$5&"/1/"&'Monthly Capacity Value'!J$6),'Capacity Prices'!$I:$I) -> 13 | ... GL19: =SUMIF('Capacity Prices'!$H:$H,"="&DATEVALUE('Monthly Capacity Value'!GL$5&"/1/"&'Monthly Capacity Value'!GL$6),'Capacity Prices'!$I:$I) -> 18.362746 | GN19: =GN18 -> 8 | GO19: =GO18+1 -> 2028 | GP19: =EOMONTH(GP18,11)+1 -> 47270 | GQ19: =EOMONTH(GQ18,12) -> 47634 | GR19: =SUMIFS($C$10:$FZ$10,$C$6:$FZ$6,GO19,$C$5:$FZ$5,GN19) -> 9
A20: Capacity Price - $/kW-month | C20: =SUMIFS('Capacity Prices'!$D:$D,'Capacity Prices'!$B:$B,"<="&DATEVALUE('Monthly Capacity Value'!C$5&"/1/"&'Monthly Capacity Value'!C$6),'Capacity Prices'!$C:$C,">="&DATEVALUE('Monthly Capacity Value'!C$5&"/1/"&'Monthly Capacity Value'!C$6)) -> 3.8 | D20: =SUMIFS('Capacity Prices'!$D:$D,'Capacity Prices'!$B:$B,"<="&DATEVALUE('Monthly Capacity Value'!D$5&"/1/"&'Monthly Capacity Value'!D$6),'Capacity Prices'!$C:$C,">="&DATEVALUE('Monthly Capacity Value'!D$5&"/1/"&'Monthly Capacity Value'!D$6)) -> 3.8 | E20: =SUMIFS('Capacity Prices'!$D:$D,'Capacity Prices'!$B:$B,"<="&DATEVALUE('Monthly Capacity Value'!E$5&"/1/"&'Monthly Capacity Value'!E$6),'Capacity Prices'!$C:$C,">="&DATEVALUE('Monthly Capacity Value'!E$5&"/1/"&'Monthly Capacity Value'!E$6)) -> 3.8 | F20: =SUMIFS('Capacity Prices'!$D:$D,'Capacity Prices'!$B:$B,"<="&DATEVALUE('Monthly Capacity Value'!F$5&"/1/"&'Monthly Capacity Value'!F$6),'Capacity Prices'!$C:$C,">="&DATEVALUE('Monthly Capacity Value'!F$5&"/1/"&'Monthly Capacity Value'!F$6)) -> 3.8 | G20: =SUMIFS('Capacity Prices'!$D:$D,'Capacity Prices'!$B:$B,"<="&DATEVALUE('Monthly Capacity Value'!G$5&"/1/"&'Monthly Capacity Value'!G$6),'Capacity Prices'!$C:$C,">="&DATEVALUE('Monthly Capacity Value'!G$5&"/1/"&'Monthly Capacity Value'!G$6)) -> 3.8 | H20: =SUMIFS('Capacity Prices'!$D:$D,'Capacity Prices'!$B:$B,"<="&DATEVALUE('Monthly Capacity Value'!H$5&"/1/"&'Monthly Capacity Value'!H$6),'Capacity Prices'!$C:$C,">="&DATEVALUE('Monthly Capacity Value'!H$5&"/1/"&'Monthly Capacity Value'!H$6)) -> 2.001 | I20: =SUMIFS('Capacity Prices'!$D:$D,'Capacity Prices'!$B:$B,"<="&DATEVALUE('Monthly Capacity Value'!I$5&"/1/"&'Monthly Capacity Value'!I$6),'Capacity Prices'!$C:$C,">="&DATEVALUE('Monthly Capacity Value'!I$5&"/1/"&'Monthly Capacity Value'!I$6)) -> 2.001 | J20: =SUMIFS('Capacity Prices'!$D:$D,'Capacity Prices'!$B:$B,"<="&DATEVALUE('Monthly Capacity Value'!J$5&"/1/"&'Monthly Capacity Value'!J$6),'Capacity Prices'!$C:$C,">="&DATEVALUE('Monthly Capacity Value'!J$5&"/1/"&'Monthly Capacity Value'!J$6)) -> 2.001 | ... GL20: =SUMIFS('Capacity Prices'!$D:$D,'Capacity Prices'!$B:$B,"<="&DATEVALUE('Monthly Capacity Value'!GL$5&"/1/"&'Monthly Capacity Value'!GL$6),'Capacity Prices'!$C:$C,">="&DATEVALUE('Monthly Capacity Value'!GL$5&"/1/"&'Monthly Capacity Value'!GL$6)) -> 4.9926037 | GN20: =GN19 -> 8 | GO20: =GO19+1 -> 2029 | GP20: =EOMONTH(GP19,11)+1 -> 47635 | GQ20: =EOMONTH(GQ19,12) -> 47999 | GR20: =SUMIFS($C$10:$FZ$10,$C$6:$FZ$6,GO20,$C$5:$FZ$5,GN20) -> 9
GN21: =GN20 -> 8 | GO21: =GO20+1 -> 2030 | GP21: =EOMONTH(GP20,11)+1 -> 48000 | GQ21: =EOMONTH(GQ20,12) -> 48365 | GR21: =SUMIFS($C$10:$FZ$10,$C$6:$FZ$6,GO21,$C$5:$FZ$5,GN21) -> 9
A22: Revenues | GN22: =GN21 -> 8 | GO22: =GO21+1 -> 2031 | GP22: =EOMONTH(GP21,11)+1 -> 48366 | GQ22: =EOMONTH(GQ21,12) -> 48730 | GR22: =SUMIFS($C$10:$FZ$10,$C$6:$FZ$6,GO22,$C$5:$FZ$5,GN22) -> 9
A23: Energy | C23: 11.85 | D23: 16.23 | E23: 13.09 | F23: 7.79 | G23: 10.87 | H23: 6.44 | I23: 7.36 | J23: 9.15 | K23: 10.92 | L23: 5.64 | M23: 6.31 | N23: 9.07 | O23: 11.66 | P23: 15.77 | Q23: 13 | R23: 7.73 | S23: 10.76 | T23: 6.32 | U23: 7.32 | V23: 9.03 | W23: 10.65 | X23: 5.59 | Y23: 6.42 | Z23: 9.04 | AA23: 10.79 | AB23: 14.53 | AC23: 12.96 | AD23: 7.62 | AE23: 10.61 | AF23: 6.26 | AG23: 6.95 | AH23: 8.54 | AI23: 10.43 | AJ23: 5.56 | AK23: 6.15 | AL23: 7.73 | AM23: 10.09 | AN23: 13.54 | AO23: 12.88 | AP23: 7.29 | AQ23: 10.26 | AR23: 6.05 | AS23: 6.68 | AT23: 8.22 | AU23: 10.05 | AV23: 5.43 | AW23: 6.12 | AX23: 7.31 | AY23: 9.5 | AZ23: 12.74 | BA23: 12.93 | BB23: 7.47 | BC23: 10.86 | BD23: 6.42 | BE23: 7.01 | BF23: 8.62 | BG23: 10.5 | BH23: 5.67 | BI23: 6.16 | BJ23: 6.97 | BK23: 17.73 | BL23: 18.46 | BM23: 15.71 | BN23: 8.19 | BO23: 14.18 | BP23: 9.13 | BQ23: 9.54 | BR23: 11.43 | BS23: 13.06 | BT23: 8.41 | BU23: 9.57 | BV23: 11.98 | BW23: 17.84 | BX23: 18.58 | BY23: 15.92 | BZ23: 8.5 | CA23: 15.16 | CB23: 9.75 | CC23: 10.07 | CD23: 12.05 | CE23: 13.73 | CF23: 8.82 | CG23: 9.89 | CH23: 12.08 | CI23: 17.9 | CJ23: 18.65 | CK23: 16.08 | CL23: 8.75 | CM23: 16.02 | CN23: 10.32 | CO23: 10.59 | CP23: 12.67 | CQ23: 14.38 | CR23: 9.23 | CS23: 10.21 | CT23: 12.21 | CU23: 17.99 | CV23: 18.75 | CW23: 16.27 | CX23: 8.95 | CY23: 16.71 | CZ23: 10.79 | DA23: 11.05 | DB23: 13.29 | DC23: 15.09 | DD23: 9.74 | DE23: 10.62 | DF23: 12.41 | DG23: 18.16 | DH23: 18.94 | DI23: 16.59 | DJ23: 9.24 | DK23: 17.65 | DL23: 11.4 | DM23: 11.59 | DN23: 13.94 | DO23: 15.75 | DP23: 10.18 | DQ23: 10.97 | DR23: 12.56 | DS23: 0 | DT23: 0 | DU23: 0 | DV23: 0 | DW23: 0 | DX23: 0 | DY23: 0 | DZ23: 0 | EA23: 0 | EB23: 0 | EC23: 0 | ED23: 0 | EE23: 0 | EF23: 0 | EG23: 0 | EH23: 0 | EI23: 0 | EJ23: 0 | EK23: 0 | EL23: 0 | EM23: 0 | EN23: 0 | EO23: 0 | EP23: 0 | EQ23: 0 | ER23: 0 | ES23: 0 | ET23: 0 | EU23: 0 | EV23: 0 | EW23: 0 | EX23: 0 | EY23: 0 | EZ23: 0 | FA23: 0 | FB23: 0 | FC23: 0 | FD23: 0 | FE23: 0 | FF23: 0 | FG23: 0 | FH23: 0 | FI23: 0 | FJ23: 0 | FK23: 0 | FL23: 0 | FM23: 0 | FN23: 0 | FO23: 0 | FP23: 0 | FQ23: 0 | FR23: 0 | FS23: 0 | FT23: 0 | FU23: 0 | FV23: 0 | FW23: 0 | FX23: 0 | FY23: 0 | FZ23: 0 | GA23: 0 | GB23: 0 | GC23: 0 | GD23: 0 | GE23: 0 | GF23: 0 | GG23: 0 | GH23: 0 | GI23: 0 | GJ23: 0 | GK23: 0 | GL23: 0 | GN23: =GN22 -> 8 | GO23: =GO22+1 -> 2032 | GP23: =EOMONTH(GP22,11)+1 -> 48731 | GQ23: =EOMONTH(GQ22,12) -> 49095 | GR23: =SUMIFS($C$10:$FZ$10,$C$6:$FZ$6,GO23,$C$5:$FZ$5,GN23) -> 9
A24: Capacity | C24: =ROUND(C16*C20,2) -> 0 | D24: =ROUND(D16*D20,2) -> 0 | E24: =ROUND(E16*E20,2) -> 0 | F24: =ROUND(F16*F20,2) -> 0 | G24: =ROUND(G16*G20,2) -> 0 | H24: =ROUND(H16*H20,2) -> 0 | I24: =ROUND(I16*I20,2) -> 0 | J24: =ROUND(J16*J20,2) -> 0 | ... GL24: =ROUND(GL16*GL20,2) -> 0 | GN24: =GN23 -> 8 | GO24: =GO23+1 -> 2033 | GP24: =EOMONTH(GP23,11)+1 -> 49096 | GQ24: =EOMONTH(GQ23,12) -> 49460 | GR24: =SUMIFS($C$10:$FZ$10,$C$6:$FZ$6,GO24,$C$5:$FZ$5,GN24) -> 8.55
A25: RNS | C25: =ROUND(SUMIF('Capacity Prices'!$H:$H,"="&DATEVALUE('Monthly Capacity Value'!C$5&"/1/"&'Monthly Capacity Value'!C$6),'Capacity Prices'!$I:$I)*'Monthly Capacity Value'!C$17,2) -> 0 | D25: =ROUND(SUMIF('Capacity Prices'!$H:$H,"="&DATEVALUE('Monthly Capacity Value'!D$5&"/1/"&'Monthly Capacity Value'!D$6),'Capacity Prices'!$I:$I)*'Monthly Capacity Value'!D$17,2) -> 82.37 | E25: =ROUND(SUMIF('Capacity Prices'!$H:$H,"="&DATEVALUE('Monthly Capacity Value'!E$5&"/1/"&'Monthly Capacity Value'!E$6),'Capacity Prices'!$I:$I)*'Monthly Capacity Value'!E$17,2) -> 82.37 | F25: =ROUND(SUMIF('Capacity Prices'!$H:$H,"="&DATEVALUE('Monthly Capacity Value'!F$5&"/1/"&'Monthly Capacity Value'!F$6),'Capacity Prices'!$I:$I)*'Monthly Capacity Value'!F$17,2) -> 82.37 | G25: =ROUND(SUMIF('Capacity Prices'!$H:$H,"="&DATEVALUE('Monthly Capacity Value'!G$5&"/1/"&'Monthly Capacity Value'!G$6),'Capacity Prices'!$I:$I)*'Monthly Capacity Value'!G$17,2) -> 82.37 | H25: =ROUND(SUMIF('Capacity Prices'!$H:$H,"="&DATEVALUE('Monthly Capacity Value'!H$5&"/1/"&'Monthly Capacity Value'!H$6),'Capacity Prices'!$I:$I)*'Monthly Capacity Value'!H$17,2) -> 87.41 | I25: =ROUND(SUMIF('Capacity Prices'!$H:$H,"="&DATEVALUE('Monthly Capacity Value'!I$5&"/1/"&'Monthly Capacity Value'!I$6),'Capacity Prices'!$I:$I)*'Monthly Capacity Value'!I$17,2) -> 87.41 | J25: =ROUND(SUMIF('Capacity Prices'!$H:$H,"="&DATEVALUE('Monthly Capacity Value'!J$5&"/1/"&'Monthly Capacity Value'!J$6),'Capacity Prices'!$I:$I)*'Monthly Capacity Value'!J$17,2) -> 87.41 | ... FZ25: =ROUND(SUMIF('Capacity Prices'!$H:$H,"="&DATEVALUE('Monthly Capacity Value'!FZ$5&"/1/"&'Monthly Capacity Value'!FZ$6),'Capacity Prices'!$I:$I)*'Monthly Capacity Value'!FZ$17,2) -> 17.07 | GA25: 0 | GB25: 0 | GC25: 0 | GD25: 0 | GE25: 0 | GF25: 0 | GG25: 0 | GH25: 0 | GI25: 0 | GJ25: 0 | GK25: 0 | GL25: 0 | GN25: =GN24 -> 8 | GO25: =GO24+1 -> 2034 | GP25: =EOMONTH(GP24,11)+1 -> 49461 | GQ25: =EOMONTH(GQ24,12) -> 49826 | GR25: =SUMIFS($C$10:$FZ$10,$C$6:$FZ$6,GO25,$C$5:$FZ$5,GN25) -> 7.425
A26: Total Revenues | C26: =SUM(C23:C25) -> 11.85 | D26: =SUM(D23:D25) -> 98.6 | E26: =SUM(E23:E25) -> 95.46 | F26: =SUM(F23:F25) -> 90.16 | G26: =SUM(G23:G25) -> 93.24 | H26: =SUM(H23:H25) -> 93.85 | I26: =SUM(I23:I25) -> 94.77 | J26: =SUM(J23:J25) -> 96.56 | ... GL26: =SUM(GL23:GL25) -> 0
A28: Year | B28: NPV | C28: 1 | D28: =C28+1 -> 2 | E28: =D28+1 -> 3 | F28: =E28+1 -> 4 | G28: =F28+1 -> 5 | H28: =G28+1 -> 6 | I28: =H28+1 -> 7 | J28: =I28+1 -> 8 | K28: =J28+1 -> 9 | ... Q28: =P28+1 -> 15 | R28: 16
A29: Revenues
A30: Energy | B30: =NPV('Rev Req''t'!G16,C30:R30) -> 1904.5141 | C30: =SUMIF($4:$4,C$28,23:23)*2 -> 229.44 | D30: =SUMIF($4:$4,D$28,23:23)*2 -> 226.58 | E30: =SUMIF($4:$4,E$28,23:23)*2 -> 216.26 | F30: =SUMIF($4:$4,F$28,23:23)*2 -> 207.84 | G30: =SUMIF($4:$4,G$28,23:23)*2 -> 209.7 | H30: =SUMIF($4:$4,H$28,23:23)*2 -> 294.78 | I30: =SUMIF($4:$4,I$28,23:23)*2 -> 304.78 | J30: =SUMIF($4:$4,J$28,23:23)*2 -> 314.02 | ... R30: =SUMIF($4:$4,R$28,23:23)*2 -> 0
A31: Capacity | B31: =NPV('Rev Req''t'!G16,C31:R31) -> 3098.016 | C31: =SUMIF($4:$4,C$28,24:24) -> 0 | D31: =SUMIF($4:$4,D$28,24:24) -> 186.2 | E31: =SUMIF($4:$4,E$28,24:24) -> 311.36 | F31: =SUMIF($4:$4,F$28,24:24) -> 305.76 | G31: =SUMIF($4:$4,G$28,24:24) -> 337.89 | H31: =SUMIF($4:$4,H$28,24:24) -> 364.41 | I31: =SUMIF($4:$4,I$28,24:24) -> 395.52 | J31: =SUMIF($4:$4,J$28,24:24) -> 428.03 | ... R31: =SUMIF($4:$4,R$28,24:24) -> 0
A32: RNS | B32: =NPV('Rev Req''t'!G16,C32:R32) -> 10389.749 | C32: =SUMIF($4:$4,C$28,25:25) -> 941.35 | D32: =SUMIF($4:$4,D$28,25:25) -> 1092.11 | E32: =SUMIF($4:$4,E$28,25:25) -> 1125.46 | F32: =SUMIF($4:$4,F$28,25:25) -> 1146.99 | G32: =SUMIF($4:$4,G$28,25:25) -> 1169.95 | H32: =SUMIF($4:$4,H$28,25:25) -> 1193.32 | I32: =SUMIF($4:$4,I$28,25:25) -> 1205.83 | J32: =SUMIF($4:$4,J$28,25:25) -> 1228.9 | ... R32: =SUMIF($4:$4,R$28,25:25) -> 0
A33: Total | B33: =SUM(B30:B32) -> 15392.279 | C33: =SUM(C30:C32) -> 1170.79 | D33: =SUM(D30:D32) -> 1504.89 | E33: =SUM(E30:E32) -> 1653.08 | F33: =SUM(F30:F32) -> 1660.59 | G33: =SUM(G30:G32) -> 1717.54 | H33: =SUM(H30:H32) -> 1852.51 | I33: =SUM(I30:I32) -> 1906.13 | ... R33: =SUM(R30:R32) -> 0
A35: (0) Adjusted for failure rate
A36: (1) Adjusted for degradation and availability
A37: (2) Adjusted for losses, reserve margin (for FCM), physical effectiveness, and forecast error.

Sheet Rev Req't
B4: Macroeconomic Inputs
B5: Federal Inc Tax Rate = | C5: 0.21
B6: State Inc Tax Rate= | C6: 0.085
B7: Composite Tax Rate = | C7: =C6+(C5*(1-C6)) -> 0.27715
B9: Financial Inputs
E10: Weighted | F10: Weighted | G10: Weighted
C11: Share | D11: Cost | E11: Pre-Tax | F11: ROR | G11: After-Tax
B13: Common Equity | C13: 0.5042 | D13: 0.085731762 | E13: =(C13*D13)/(1-C7) -> 0.059799342 | F13: =C13*D13 -> 0.043225955 | G13: =F13 -> 0.043225955
B14: Preferred | C14: 0 | D14: 0 | E14: 0 | F14: 0 | G14: 0
B15: Debt | C15: 0.4958 | D15: 0.047333356 | E15: =C15*D15 -> 0.023467878 | F15: =C15*D15 -> 0.023467878 | G15: =F15*(1-C7) -> 0.016963755
E16: =SUM(E13:E15) -> 0.08326722 | F16: =SUM(F13:F15) -> 0.066693832 | G16: =SUM(G13:G15) -> 0.06018971
G19: 1 | H19: =G19+1 -> 2 | I19: =H19+1 -> 3 | J19: =I19+1 -> 4 | K19: =J19+1 -> 5 | L19: =K19+1 -> 6 | M19: =L19+1 -> 7 | N19: =M19+1 -> 8 | O19: =N19+1 -> 9 | P19: =O19+1 -> 10
B20: Preliminary Capital Investment | F20: 16300
B21: Sales Tax | C21: 0.06 | F21: =F20*C21*0 -> 0
B22: Captialized A&G | C22: 0.0757 | F22: =F20*C22 -> 1233.91
B23: Installed Capital Investment | F23: =F22+F20 -> 17533.91
B25: Book Depreciation (10 years) | G25: =$F23/10 -> 1753.391 | H25: =$F23/10 -> 1753.391 | I25: =$F23/10 -> 1753.391 | J25: =$F23/10 -> 1753.391 | K25: =$F23/10 -> 1753.391 | L25: =$F23/10 -> 1753.391 | M25: =$F23/10 -> 1753.391 | N25: =$F23/10 -> 1753.391 | ... P25: =$F23/10 -> 1753.391
B26: Net Plant (b.o.y.) | G26: =F23 -> 17533.91 | H26: =G27 -> 15780.519 | I26: =H27 -> 14027.128 | J26: =I27 -> 12273.737 | K26: =J27 -> 10520.346 | L26: =K27 -> 8766.955 | M26: =L27 -> 7013.564 | N26: =M27 -> 5260.173 | O26: =N27 -> 3506.782 | P26: =O27 -> 1753.391
B27: Net Plant (e.o.y.) | G27: =G26-G25 -> 15780.519 | H27: =H26-H25 -> 14027.128 | I27: =I26-I25 -> 12273.737 | J27: =J26-J25 -> 10520.346 | K27: =K26-K25 -> 8766.955 | L27: =L26-L25 -> 7013.564 | M27: =M26-M25 -> 5260.173 | N27: =N26-N25 -> 3506.782 | ... P27: =P26-P25 -> 2.2737368e-12
B28: MACRS Depreciation Rates (7 yrs) | G28: 0.143 | H28: 0.245 | I28: 0.175 | J28: 0.125 | K28: 0.089 | L28: 0.089 | M28: 0.089 | N28: 0.045 | O28: 0 | P28: 0
B29: Tax Depreciation | G29: =G28*$F23 -> 2507.3491 | H29: =H28*$F23 -> 4295.8079 | I29: =I28*$F23 -> 3068.4342 | J29: =J28*$F23 -> 2191.7387 | K29: =K28*$F23 -> 1560.518 | L29: =L28*$F23 -> 1560.518 | M29: =M28*$F23 -> 1560.518 | N29: =N28*$F23 -> 789.02595 | ... P29: =P28*$F23 -> 0
B30: Deferred Income Taxes (e.o.y.) | G30: =-$C7*(G29-G25) -> -208.9595 | H30: =-$C7*(H29-H25) -> -704.63086 | I30: =-$C7*(I29-I25) -> -364.46424 | J30: =-$C7*(J29-J25) -> -121.48808 | K30: =-$C7*(K29-K25) -> 53.454755 | L30: =-$C7*(L29-L25) -> 53.454755 | M30: =-$C7*(M29-M25) -> 53.454755 | N30: =-$C7*(N29-N25) -> 267.27377 | ... P30: =-$C7*(P29-P25) -> 485.95232
B31: Accumulated Deferred Income Taxes (b.o.y.) | G31: 0 | H31: =G32 -> -208.9595 | I31: =H32 -> -913.59035 | J31: =I32 -> -1278.0546 | K31: =J32 -> -1399.5427 | L31: =K32 -> -1346.0879 | M31: =L32 -> -1292.6332 | N31: =M32 -> -1239.1784 | O31: =N32 -> -971.90463 | P31: =O32 -> -485.95232
B32: Accumulated Deferred Income Taxes (e.o.y.) | G32: =G30 -> -208.9595 | H32: =H30+H31 -> -913.59035 | I32: =I30+I31 -> -1278.0546 | J32: =J30+J31 -> -1399.5427 | K32: =K30+K31 -> -1346.0879 | L32: =L30+L31 -> -1292.6332 | M32: =M30+M31 -> -1239.1784 | N32: =N30+N31 -> -971.90463 | O32: =O30+O31 -> -485.95232 | P32: =P30+P31 -> 4.5474735e-13
B33: Working Capital | G33: 0 | H33: 0 | I33: 0 | J33: 0 | K33: 0 | L33: 0 | M33: 0 | N33: 0 | O33: 0 | P33: 0
B34: Net Rate Base | G34: =(G26+G27)/2+(G31+G32)/2 -> 16552.735 | H34: =(H26+H27)/2+(H31+H32)/2 -> 14342.549 | I34: =(I26+I27)/2+(I31+I32)/2 -> 12054.61 | J34: =(J26+J27)/2+(J31+J32)/2 -> 10058.243 | K34: =(K26+K27)/2+(K31+K32)/2 -> 8270.8352 | L34: =(L26+L27)/2+(L31+L32)/2 -> 6570.899 | M34: =(M26+M27)/2+(M31+M32)/2 -> 4870.9627 | N34: =(N26+N27)/2+(N31+N32)/2 -> 3277.936 | ... P34: =(P26+P27)/2+(P31+P32)/2 -> 633.71934
B35: Return Requirement | G35: =$F16*G34 -> 1103.9653 | H35: =$F16*H34 -> 956.55953 | I35: =$F16*I34 -> 803.96814 | J35: =$F16*J34 -> 670.82276 | K35: =$F16*K34 -> 551.6137 | L35: =$F16*L34 -> 438.23843 | M35: =$F16*M34 -> 324.86317 | N35: =$F16*N34 -> 218.61811 | ... P35: =$F16*P34 -> 42.265172
B36: Income Taxes | F36: =G34*E16 -> 1378.3002 | G36: =+G80 -> 274.49224 | H36: =+H80 -> 238.02965 | I36: =+I80 -> 198.92797 | J36: =+J80 -> 166.22285 | K36: =+K80 -> 137.48525 | L36: =+L80 -> 108.96662 | M36: =+M80 -> 80.447987 | N36: =+N80 -> 54.308088 | ... P36: =+P80 -> 11.606877
B37: Total Revenue Requirement (Direct Cost Recovery) | F37: =+-F23 -> -17533.91 | G37: =G25+G36+G35 -> 3131.8486 | H37: =H25+H36+H35 -> 2947.9802 | I37: =I25+I36+I35 -> 2756.2871 | J37: =J25+J36+J35 -> 2590.4366 | K37: =K25+K36+K35 -> 2442.4899 | L37: =L25+L36+L35 -> 2300.5961 | M37: =M25+M36+M35 -> 2158.7022 | N37: =N25+N36+N35 -> 2026.3172 | ... P37: =P25+P36+P35 -> 1807.263
B39: Levelized Billing Requirement (aka Present Value Rev. Req.) | E39: =NPV(G16,G37:P37) -> 18224.451
B40: Adjustment for Gross Revenue & Weather. Taxes | E40: =E39/(1-0.01025) -> 18413.186 | G40: =G35+G36 -> 1378.4576 | H40: =H35+H36 -> 1194.5892 | I40: =I35+I36 -> 1002.8961 | J40: =J35+J36 -> 837.04561 | K40: =K35+K36 -> 689.09895 | L40: =L35+L36 -> 547.20505 | M40: =M35+M36 -> 405.31116 | N40: =N35+N36 -> 272.9262 | ... P40: =P35+P36 -> 53.872048
F41: Pre-tax ROR | G41: =G40/G34 -> 0.083276726 | H41: =H40/H34 -> 0.083289882 | I41: =I40/I34 -> 0.083196065 | J41: =J40/J34 -> 0.083219865 | K41: =K40/K34 -> 0.083316731 | L41: =L40/L34 -> 0.083277046 | M41: =M40/M34 -> 0.083209661 | N41: =N40/N34 -> 0.083261602 | ... P41: =P40/P34 -> 0.085009316
B42: Adjusted NPV
E45: Post-Tax Cost | F45: =+F21 -> 0 | G45: =G38+G37+F21 -> 3131.8486 | H45: =H38+H37 -> 2947.9802 | I45: =I38+I37 -> 2756.2871 | J45: =J38+J37 -> 2590.4366 | K45: =K38+K37 -> 2442.4899 | L45: =L38+L37 -> 2300.5961 | M45: =M38+M37 -> 2158.7022 | N45: =N38+N37 -> 2026.3172 | O45: =O38+O37 -> 1912.0071 | P45: =P38+P37 -> 1807.263
B47: Levelized Billing Requirement (aka Present Value Rev. Req.) | E47: =NPV(G16,G45:P45) -> 18224.451 | G47: =G48*500 -> 1581741.7
B48: Adjustment for Gross Revenue & Weather. Taxes | E48: =E47/(1-0.01025) -> 18413.186 | F48: Adj for Gross Rev | G48: =G45/(1-0.01) -> 3163.4834 | H48: =H45/(1-0.01) -> 2977.7578 | I48: =I45/(1-0.01) -> 2784.1284 | J48: =J45/(1-0.01) -> 2616.6026 | K48: =K45/(1-0.01) -> 2467.1616 | L48: =L45/(1-0.01) -> 2323.8344 | M48: =M45/(1-0.01) -> 2180.5072 | N48: =N45/(1-0.01) -> 2046.7851 | ... P48: =P45/(1-0.01) -> 1825.5182
B49: Levelization Factor | E49: =+E48/F20 -> 1.1296433 | G49: =-G48 -> -3163.4834 | H49: =-H48 -> -2977.7578 | I49: =-I48 -> -2784.1284 | J49: =-J48 -> -2616.6026 | K49: =-K48 -> -2467.1616 | L49: =-L48 -> -2323.8344 | M49: =-M48 -> -2180.5072 | N49: =-N48 -> -2046.7851 | ... P49: =-P48 -> -1825.5182
F53: TAX CALCULATION:
F54: return on rate base | G54: =+G34*$F$16 -> 1103.9653 | H54: =+H34*$F$16 -> 956.55953 | I54: =+I34*$F$16 -> 803.96814 | J54: =+J34*$F$16 -> 670.82276 | K54: =+K34*$F$16 -> 551.6137 | L54: =+L34*$F$16 -> 438.23843 | M54: =+M34*$F$16 -> 324.86317 | N54: =+N34*$F$16 -> 218.61811 | ... P54: =+P34*$F$16 -> 42.265172
F55: less interest | G55: =-G34*$F$15 -> -388.45756 | H55: =-H34*$F$15 -> -336.58918 | I55: =-I34*$F$15 -> -282.89611 | J55: =-J34*$F$15 -> -236.04561 | K55: =-K34*$F$15 -> -194.09895 | L55: =-L34*$F$15 -> -154.20505 | M55: =-M34*$F$15 -> -114.31116 | N55: =-N34*$F$15 -> -76.926201 | ... P55: =-P34*$F$15 -> -14.872048
F56: +/- PERM - Book depreciation of ITC basis reduction | G56: 0 | H56: 0 | I56: 0 | J56: 0 | K56: 0 | L56: 0 | M56: 0 | N56: 0 | O56: 0 | P56: 0
F57: ITC amortization ( NOTE: assumes the ITC is monetized in the year earned) | G57: 0 | H57: 0 | I57: 0 | J57: 0 | K57: 0 | L57: 0 | M57: 0 | N57: 0 | O57: 0 | P57: 0
F58: Subtotal | G58: =SUM(G54:G57) -> 715.50776 | H58: =SUM(H54:H57) -> 619.97035 | I58: =SUM(I54:I57) -> 521.07203 | J58: =SUM(J54:J57) -> 434.77715 | K58: =SUM(K54:K57) -> 357.51475 | L58: =SUM(L54:L57) -> 284.03338 | M58: =SUM(M54:M57) -> 210.55201 | N58: =SUM(N54:N57) -> 141.69191 | ... P58: =SUM(P54:P57) -> 27.393123
F59: Federal Statutory Rate X | G59: =+$C$5 -> 0.21 | H59: =+$C$5 -> 0.21 | I59: =+$C$5 -> 0.21 | J59: =+$C$5 -> 0.21 | K59: =+$C$5 -> 0.21 | L59: =+$C$5 -> 0.21 | M59: =+$C$5 -> 0.21 | N59: =+$C$5 -> 0.21 | ... P59: =+$C$5 -> 0.21
G60: =ROUND(G58*G59,0) -> 150 | H60: =ROUND(H58*H59,0) -> 130 | I60: =ROUND(I58*I59,0) -> 109 | J60: =ROUND(J58*J59,0) -> 91 | K60: =ROUND(K58*K59,0) -> 75 | L60: =ROUND(L58*L59,0) -> 60 | M60: =ROUND(M58*M59,0) -> 44 | N60: =ROUND(N58*N59,0) -> 30 | ... P60: =ROUND(P58*P59,0) -> 6
F61: 1 minus Fed Statutory rate / | G61: =1-G59 -> 0.79 | H61: =1-H59 -> 0.79 | I61: =1-I59 -> 0.79 | J61: =1-J59 -> 0.79 | K61: =1-K59 -> 0.79 | L61: =1-L59 -> 0.79 | M61: =1-M59 -> 0.79 | N61: =1-N59 -> 0.79 | ... P61: =1-P59 -> 0.79
G62: =ROUND(G60/G61,0) -> 190 | H62: =ROUND(H60/H61,0) -> 165 | I62: =ROUND(I60/I61,0) -> 138 | J62: =ROUND(J60/J61,0) -> 115 | K62: =ROUND(K60/K61,0) -> 95 | L62: =ROUND(L60/L61,0) -> 76 | M62: =ROUND(M60/M61,0) -> 56 | N62: =ROUND(N60/N61,0) -> 38 | ... P62: =ROUND(P60/P61,0) -> 8
F63: ITC amortization | G63: =+H57 -> 0 | H63: =+H57 -> 0 | I63: =+I57 -> 0 | J63: =+J57 -> 0 | K63: =+K57 -> 0 | L63: =+L57 -> 0 | M63: =+M57 -> 0 | N63: =+N57 -> 0 | O63: =+O57 -> 0 | P63: =+P57 -> 0
F64: Federal Tax Expense / (Benefit) | G64: =SUM(G62:G63) -> 190 | H64: =SUM(H62:H63) -> 165 | I64: =SUM(I62:I63) -> 138 | J64: =SUM(J62:J63) -> 115 | K64: =SUM(K62:K63) -> 95 | L64: =SUM(L62:L63) -> 76 | M64: =SUM(M62:M63) -> 56 | N64: =SUM(N62:N63) -> 38 | ... P64: =SUM(P62:P63) -> 8
F66: return on rate base | G66: =+G54 -> 1103.9653 | H66: =+H54 -> 956.55953 | I66: =+I54 -> 803.96814 | J66: =+J54 -> 670.82276 | K66: =+K54 -> 551.6137 | L66: =+L54 -> 438.23843 | M66: =+M54 -> 324.86317 | N66: =+N54 -> 218.61811 | ... P66: =+P54 -> 42.265172
F67: less interest | G67: =+G55 -> -388.45756 | H67: =+H55 -> -336.58918 | I67: =+I55 -> -282.89611 | J67: =+J55 -> -236.04561 | K67: =+K55 -> -194.09895 | L67: =+L55 -> -154.20505 | M67: =+M55 -> -114.31116 | N67: =+N55 -> -76.926201 | ... P67: =+P55 -> -14.872048
F68: Federal income tax | G68: =+G64 -> 190 | H68: =+H64 -> 165 | I68: =+I64 -> 138 | J68: =+J64 -> 115 | K68: =+K64 -> 95 | L68: =+L64 -> 76 | M68: =+M64 -> 56 | N68: =+N64 -> 38 | ... P68: =+P64 -> 8
F69: Perms | G69: =+G56 -> 0 | H69: =+H56 -> 0 | I69: =+I56 -> 0 | J69: =+J56 -> 0 | K69: =+K56 -> 0 | L69: =+L56 -> 0 | M69: =+M56 -> 0 | N69: =+N56 -> 0 | ... P69: =+P56 -> 0
F70: State manual adjs | G70: 0 | H70: 0 | I70: 0 | J70: 0 | K70: 0 | L70: 0 | M70: 0 | N70: 0 | O70: 0 | P70: 0
F71: subtotal | G71: =SUM(G66:G70) -> 905.50776 | H71: =SUM(H66:H70) -> 784.97035 | I71: =SUM(I66:I70) -> 659.07203 | J71: =SUM(J66:J70) -> 549.77715 | K71: =SUM(K66:K70) -> 452.51475 | L71: =SUM(L66:L70) -> 360.03338 | M71: =SUM(M66:M70) -> 266.55201 | N71: =SUM(N66:N70) -> 179.69191 | ... P71: =SUM(P66:P70) -> 35.393123
F72: 1 minus STATE Statutory rate / | G72: =1-$C$6 -> 0.915 | H72: =1-$C$6 -> 0.915 | I72: =1-$C$6 -> 0.915 | J72: =1-$C$6 -> 0.915 | K72: =1-$C$6 -> 0.915 | L72: =1-$C$6 -> 0.915 | M72: =1-$C$6 -> 0.915 | N72: =1-$C$6 -> 0.915 | ... P72: =1-$C$6 -> 0.915
G73: =ROUND(G71/G72,0) -> 990 | H73: =ROUND(H71/H72,0) -> 858 | I73: =ROUND(I71/I72,0) -> 720 | J73: =ROUND(J71/J72,0) -> 601 | K73: =ROUND(K71/K72,0) -> 495 | L73: =ROUND(L71/L72,0) -> 393 | M73: =ROUND(M71/M72,0) -> 291 | N73: =ROUND(N71/N72,0) -> 196 | ... P73: =ROUND(P71/P72,0) -> 39
F74: less return on rate base | G74: =-G66 -> -1103.9653 | H74: =-H66 -> -956.55953 | I74: =-I66 -> -803.96814 | J74: =-J66 -> -670.82276 | K74: =-K66 -> -551.6137 | L74: =-L66 -> -438.23843 | M74: =-M66 -> -324.86317 | N74: =-N66 -> -218.61811 | ... P74: =-P66 -> -42.265172
F75: less Federal income tax | G75: =-G68 -> -190 | H75: =-H68 -> -165 | I75: =-I68 -> -138 | J75: =-J68 -> -115 | K75: =-K68 -> -95 | L75: =-L68 -> -76 | M75: =-M68 -> -56 | N75: =-N68 -> -38 | ... P75: =-P68 -> -8
F76: less interest | G76: =-G67 -> 388.45756 | H76: =-H67 -> 336.58918 | I76: =-I67 -> 282.89611 | J76: =-J67 -> 236.04561 | K76: =-K67 -> 194.09895 | L76: =-L67 -> 154.20505 | M76: =-M67 -> 114.31116 | N76: =-N67 -> 76.926201 | ... P76: =-P67 -> 14.872048
F77: perms | G77: =-G69 -> 0 | H77: =-H69 -> 0 | I77: =-I69 -> 0 | J77: =-J69 -> 0 | K77: =-K69 -> 0 | L77: =-L69 -> 0 | M77: =-M69 -> 0 | N77: =-N69 -> 0 | ... P77: =-P69 -> 0
F78: State Tax Expense / (Benefit) | G78: =SUM(G73:G77) -> 84.49224 | H78: =SUM(H73:H77) -> 73.029647 | I78: =SUM(I73:I77) -> 60.927975 | J78: =SUM(J73:J77) -> 51.222851 | K78: =SUM(K73:K77) -> 42.485253 | L78: =SUM(L73:L77) -> 32.96662 | M78: =SUM(M73:M77) -> 24.447987 | N78: =SUM(N73:N77) -> 16.308088 | ... P78: =SUM(P73:P77) -> 3.6068765
F80: TOTAL TAX EXPENSE / (BENEFIT) | G80: =+G78+G64 -> 274.49224 | H80: =+H78+H64 -> 238.02965 | I80: =+I78+I64 -> 198.92797 | J80: =+J78+J64 -> 166.22285 | K80: =+K78+K64 -> 137.48525 | L80: =+L78+L64 -> 108.96662 | M80: =+M78+M64 -> 80.447987 | N80: =+N78+N64 -> 54.308088 | ... P80: =+P78+P64 -> 11.606877
B82: =103084-35718 -> 67366 | F82: CHECK:
B83: =12338+7402 -> 19740 | F83: Return on rate base | G83: =ROUND(+G54,0) -> 1104 | H83: =ROUND(+H54,0) -> 957 | I83: =ROUND(+I54,0) -> 804 | J83: =ROUND(+J54,0) -> 671 | K83: =ROUND(+K54,0) -> 552 | L83: =ROUND(+L54,0) -> 438 | M83: =ROUND(+M54,0) -> 325 | N83: =ROUND(+N54,0) -> 219 | ... P83: =ROUND(+P54,0) -> 42
F84: Add back - Federal Tax | G84: =+G64 -> 190 | H84: =+H64 -> 165 | I84: =+I64 -> 138 | J84: =+J64 -> 115 | K84: =+K64 -> 95 | L84: =+L64 -> 76 | M84: =+M64 -> 56 | N84: =+N64 -> 38 | ... P84: =+P64 -> 8
F85: State Tax | G85: =+G78 -> 84.49224 | H85: =+H78 -> 73.029647 | I85: =+I78 -> 60.927975 | J85: =+J78 -> 51.222851 | K85: =+K78 -> 42.485253 | L85: =+L78 -> 32.96662 | M85: =+M78 -> 24.447987 | N85: =+N78 -> 16.308088 | ... P85: =+P78 -> 3.6068765
F86: Deduct interest expense | G86: =+G67 -> -388.45756 | H86: =+H67 -> -336.58918 | I86: =+I67 -> -282.89611 | J86: =+J67 -> -236.04561 | K86: =+K67 -> -194.09895 | L86: =+L67 -> -154.20505 | M86: =+M67 -> -114.31116 | N86: =+N67 -> -76.926201 | ... P86: =+P67 -> -14.872048
F87: PERMS - Book depreciation of ITC Basis reduction | G87: =+G56 -> 0 | H87: =+H56 -> 0 | I87: =+I56 -> 0 | J87: =+J56 -> 0 | K87: =+K56 -> 0 | L87: =+L56 -> 0 | M87: =+M56 -> 0 | N87: =+N56 -> 0 | ... P87: =+P56 -> 0
F88: Pretax income | G88: =SUM(G83:G87) -> 990.03468 | H88: =SUM(H83:H87) -> 858.44047 | I88: =SUM(I83:I87) -> 720.03186 | J88: =SUM(J83:J87) -> 601.17724 | K88: =SUM(K83:K87) -> 495.3863 | L88: =SUM(L83:L87) -> 392.76157 | M88: =SUM(M83:M87) -> 291.13683 | N88: =SUM(N83:N87) -> 196.38189 | ... P88: =SUM(P83:P87) -> 38.734828
F89: Federal & State Statutory rate X | G89: =+$C$7 -> 0.27715 | H89: =+$C$7 -> 0.27715 | I89: =+$C$7 -> 0.27715 | J89: =+$C$7 -> 0.27715 | K89: =+$C$7 -> 0.27715 | L89: =+$C$7 -> 0.27715 | M89: =+$C$7 -> 0.27715 | N89: =+$C$7 -> 0.27715 | ... P89: =+$C$7 -> 0.27715
F90: Tax before ITC amortization | G90: =ROUND(G88*G89,0) -> 274 | H90: =ROUND(H88*H89,0) -> 238 | I90: =ROUND(I88*I89,0) -> 200 | J90: =ROUND(J88*J89,0) -> 167 | K90: =ROUND(K88*K89,0) -> 137 | L90: =ROUND(L88*L89,0) -> 109 | M90: =ROUND(M88*M89,0) -> 81 | N90: =ROUND(N88*N89,0) -> 54 | ... P90: =ROUND(P88*P89,0) -> 11
F91: ITC amortization | G91: =+G63 -> 0 | H91: =+H63 -> 0 | I91: =+I63 -> 0 | J91: =+J63 -> 0 | K91: =+K63 -> 0 | L91: =+L63 -> 0 | M91: =+M63 -> 0 | N91: =+N63 -> 0 | ... P91: =+P63 -> 0
F92: NET TAX | G92: =SUM(G90:G91) -> 274 | H92: =SUM(H90:H91) -> 238 | I92: =SUM(I90:I91) -> 200 | J92: =SUM(J90:J91) -> 167 | K92: =SUM(K90:K91) -> 137 | L92: =SUM(L90:L91) -> 109 | M92: =SUM(M90:M91) -> 81 | N92: =SUM(N90:N91) -> 54 | ... P92: =SUM(P90:P91) -> 11
F93: VARIANCE | G93: =+G92-G80 -> -0.49223994 | H93: =+H92-H80 -> -0.029647159 | I93: =+I92-I80 -> 1.0720252 | J93: =+J92-J80 -> 0.77714916 | K93: =+K92-K80 -> -0.4852532 | L93: =+L92-L80 -> 0.033379922 | M93: =+M92-M80 -> 0.55201305 | N93: =+N92-N80 -> -0.30808823 | ... P93: =+P92-P80 -> -0.60687652
F95: Pretax income | G95: =+G88-G87 -> 990.03468 | H95: =+H88-H87 -> 858.44047 | I95: =+I88-I87 -> 720.03186 | J95: =+J88-J87 -> 601.17724 | K95: =+K88-K87 -> 495.3863 | L95: =+L88-L87 -> 392.76157 | M95: =+M88-M87 -> 291.13683 | N95: =+N88-N87 -> 196.38189 | ... P95: =+P88-P87 -> 38.734828
F96: tax | G96: =-G80 -> -274.49224 | H96: =-H80 -> -238.02965 | I96: =-I80 -> -198.92797 | J96: =-J80 -> -166.22285 | K96: =-K80 -> -137.48525 | L96: =-L80 -> -108.96662 | M96: =-M80 -> -80.447987 | N96: =-N80 -> -54.308088 | ... P96: =-P80 -> -11.606877
F97: net income / (loss) | G97: =SUM(G95:G96) -> 715.54244 | H97: =SUM(H95:H96) -> 620.41082 | I97: =SUM(I95:I96) -> 521.10389 | J97: =SUM(J95:J96) -> 434.95439 | K97: =SUM(K95:K96) -> 357.90105 | L97: =SUM(L95:L96) -> 283.79495 | M97: =SUM(M95:M96) -> 210.68884 | N97: =SUM(N95:N96) -> 142.0738 | ... P97: =SUM(P95:P96) -> 27.127952
G99: =+G97/(G34*$C13) -> 0.085735918 | H99: =+H97/(H34*$C13) -> 0.085792672 | I99: =+I97/(I34*$C13) -> 0.085737004 | J99: =+J97/(J34*$C13) -> 0.085766711 | K99: =+K97/(K34*$C13) -> 0.085824398 | L99: =+L97/(L34*$C13) -> 0.085659794 | M99: =+M97/(M34*$C13) -> 0.085787476 | N99: =+N97/(N34*$C13) -> 0.085962826 | ... P99: =+P97/(P34*$C13) -> 0.08490186
F102: Recap of COS impact on income:
F103: Retail Revenue | G103: =+G54+G25+G36 -> 3131.8486 | H103: =+H54+H25+H36 -> 2947.9802 | I103: =+I54+I25+I36 -> 2756.2871 | J103: =+J54+J25+J36 -> 2590.4366 | K103: =+K54+K25+K36 -> 2442.4899 | L103: =+L54+L25+L36 -> 2300.5961 | M103: =+M54+M25+M36 -> 2158.7022 | N103: =+N54+N25+N36 -> 2026.3172 | ... P103: =+P54+P25+P36 -> 1807.263
F104: Depreciation | G104: =-G25 -> -1753.391 | H104: =-H25 -> -1753.391 | I104: =-I25 -> -1753.391 | J104: =-J25 -> -1753.391 | K104: =-K25 -> -1753.391 | L104: =-L25 -> -1753.391 | M104: =-M25 -> -1753.391 | N104: =-N25 -> -1753.391 | ... P104: =-P25 -> -1753.391
F105: Interest Expense | G105: =+G86 -> -388.45756 | H105: =+H86 -> -336.58918 | I105: =+I86 -> -282.89611 | J105: =+J86 -> -236.04561 | K105: =+K86 -> -194.09895 | L105: =+L86 -> -154.20505 | M105: =+M86 -> -114.31116 | N105: =+N86 -> -76.926201 | ... P105: =+P86 -> -14.872048
F106: Pre-Tax Income | G106: =SUM(G103:G105) -> 990 | H106: =SUM(H103:H105) -> 858 | I106: =SUM(I103:I105) -> 720 | J106: =SUM(J103:J105) -> 601 | K106: =SUM(K103:K105) -> 495 | L106: =SUM(L103:L105) -> 393 | M106: =SUM(M103:M105) -> 291 | N106: =SUM(N103:N105) -> 196 | ... P106: =SUM(P103:P105) -> 39
F107: Income Tax | G107: =+G80 -> 274.49224 | H107: =+H80 -> 238.02965 | I107: =+I80 -> 198.92797 | J107: =+J80 -> 166.22285 | K107: =+K80 -> 137.48525 | L107: =+L80 -> 108.96662 | M107: =+M80 -> 80.447987 | N107: =+N80 -> 54.308088 | ... P107: =+P80 -> 11.606877
F108: Net Income | G108: =+G106-G107 -> 715.50776 | H108: =+H106-H107 -> 619.97035 | I108: =+I106-I107 -> 521.07203 | J108: =+J106-J107 -> 434.77715 | K108: =+K106-K107 -> 357.51475 | L108: =+L106-L107 -> 284.03338 | M108: =+M106-M107 -> 210.55201 | N108: =+N106-N107 -> 141.69191 | ... P108: =+P106-P107 -> 27.393123
G109: =+G108/(G34*$C$13) -> 0.085731762 | H109: =+H108/(H34*$C$13) -> 0.085731762 | I109: =+I108/(I34*$C$13) -> 0.085731762 | J109: =+J108/(J34*$C$13) -> 0.085731762 | K109: =+K108/(K34*$C$13) -> 0.085731762 | L109: =+L108/(L34*$C$13) -> 0.085731762 | M109: =+M108/(M34*$C$13) -> 0.085731762 | N109: =+N108/(N34*$C$13) -> 0.085731762 | ... P109: =+P108/(P34*$C$13) -> 0.085731762

Sheet Capacity Prices
A2: FCM | F2: RNS
A3: Auction | B3: Begin | C3: End | D3: Price | F3: Year | G3: Forecast | H3: Month | I3: Rate
A4: FCA11 | B4: 43983 | C4: 44347 | D4: 5.3 | F4: Year | G4: Forecast | H4: Month | I4: Rate
A5: FCA12 | B5: =EOMONTH(B4,11)+1 -> 44348 | C5: =EOMONTH(C4,12) -> 44712 | D5: 4.63 | F5: 2017 | G5: 1 | H5: 42887 | I5: 9.33
A6: FCA13 | B6: =EOMONTH(B5,11)+1 -> 44713 | C6: =EOMONTH(C5,12) -> 45077 | D6: 3.8 | F6: 2017 | G6: 1 | H6: 42917 | I6: 9.33
A7: FCA14 | B7: =EOMONTH(B6,11)+1 -> 45078 | C7: =EOMONTH(C6,12) -> 45443 | D7: 2.001 | F7: 2017 | G7: 1 | H7: 42948 | I7: 9.33
A8: FCA15 | B8: =EOMONTH(B7,11)+1 -> 45444 | C8: =EOMONTH(C7,12) -> 45808 | D8: 2.61 | F8: 2017 | G8: 1 | H8: 42979 | I8: 9.33
A9: FCA16 | B9: =EOMONTH(B8,11)+1 -> 45809 | C9: =EOMONTH(C8,12) -> 46173 | D9: 2.5 | E9: Revised | F9: 2017 | G9: 1 | H9: 43009 | I9: 9.33
A10: FCA17 | B10: =EOMONTH(B9,11)+1 -> 46174 | C10: =EOMONTH(C9,12) -> 46538 | D10: 2.5 | E10: Revised | F10: 2017 | G10: 1 | H10: 43040 | I10: 9.33
A11: FCA18 | B11: =EOMONTH(B10,11)+1 -> 46539 | C11: =EOMONTH(C10,12) -> 46904 | D11: 2.95 | E11: Revised | F11: 2017 | G11: 1 | H11: 43070 | I11: 9.33
A12: FCA19 | B12: =EOMONTH(B11,11)+1 -> 46905 | C12: =EOMONTH(C11,12) -> 47269 | D12: 3 | E12: Revised | F12: 2018 | G12: 1 | H12: 43101 | I12: 9.33
A13: FCA20 | B13: =EOMONTH(B12,11)+1 -> 47270 | C13: =EOMONTH(C12,12) -> 47634 | D13: 3.4 | E13: Revised | F13: 2018 | G13: 1 | H13: 43132 | I13: 9.33
A14: FCA21 | B14: =EOMONTH(B13,11)+1 -> 47635 | C14: =EOMONTH(C13,12) -> 47999 | D14: 3.57 | E14: Revised | F14: 2018 | G14: 1 | H14: 43160 | I14: 9.33
A15: FCA22 | B15: =EOMONTH(B14,11)+1 -> 48000 | C15: =EOMONTH(C14,12) -> 48365 | D15: 3.7485 | E15: Revised | F15: 2018 | G15: 1 | H15: 43191 | I15: 9.33
A16: FCA23 | B16: =EOMONTH(B15,11)+1 -> 48366 | C16: =EOMONTH(C15,12) -> 48730 | D16: 4.085865 | E16: Revised | F16: 2018 | G16: 1 | H16: 43221 | I16: 9.33
A17: FCA24 | B17: =EOMONTH(B16,11)+1 -> 48731 | C17: =EOMONTH(C16,12) -> 49095 | D17: 4.4127342 | E17: Revised | F17: 2018 | G17: 2 | H17: 43252 | I17: 9.33
A18: FCA25 | B18: =EOMONTH(B17,11)+1 -> 49096 | C18: =EOMONTH(C17,12) -> 49460 | D18: 4.5230526 | E18: Revised | F18: 2018 | G18: 2 | H18: 43282 | I18: 9.33
A19: FCA26 | B19: =EOMONTH(B18,11)+1 -> 49461 | C19: =EOMONTH(C18,12) -> 49826 | D19: 4.6361289 | E19: Revised | F19: 2018 | G19: 2 | H19: 43313 | I19: 9.33
A20: FCA27 | B20: =EOMONTH(B19,11)+1 -> 49827 | C20: =EOMONTH(C19,12) -> 50191 | D20: 4.7520321 | E20: Revised | F20: 2018 | G20: 2 | H20: 43344 | I20: 9.33
... A33: FCA40 | B33: =EOMONTH(B32,11)+1 -> 54575 | C33: =EOMONTH(C32,12) -> 54939 | D33: 6.5507287 | E33: Revised | F33: 2019 | G33: 3 | H33: 43739 | I33: 9.641
A34: FCA41 | B34: =EOMONTH(B33,11)+1 -> 54940 | C34: =EOMONTH(C33,12) -> 55304 | D34: =D33/D32*D33 -> 6.7144969 | E34: Revised | F34: 2019 | G34: 3 | H34: 43770 | I34: 9.641
A35: FCA42 | B35: =EOMONTH(B34,11)+1 -> 55305 | C35: =EOMONTH(C34,12) -> 55670 | D35: =D34/D33*D34 -> 6.8823594 | E35: Revised | F35: 2019 | G35: 3 | H35: 43800 | I35: 9.641
F36: 2020 | G36: 3 | H36: 43831 | I36: 9.641
F37: 2020 | G37: 3 | H37: 43862 | I37: 9.641
F38: 2020 | G38: 3 | H38: 43891 | I38: 9.641
F39: 2020 | G39: 3 | H39: 43922 | I39: 9.641
F40: 2020 | G40: 3 | H40: 43952 | I40: 9.641
F41: 2020 | G41: 4 | H41: 43983 | I41: 10.282127
F42: 2020 | G42: 4 | H42: 44013 | I42: 10.282127
F43: 2020 | G43: 4 | H43: 44044 | I43: 10.282127
F44: 2020 | G44: 4 | H44: 44075 | I44: 10.282127
F45: 2020 | G45: 4 | H45: 44105 | I45: 10.282127
F46: 2020 | G46: 4 | H46: 44136 | I46: 10.282127
F47: 2020 | G47: 4 | H47: 44166 | I47: 10.282127
... F52: 2021 | G52: 4 | H52: 44317 | I52: 10.282127
F53: 2021 | G53: 5 | H53: 44348 | I53: 11.748333 | J53: Revised
F54: 2021 | G54: 5 | H54: 44378 | I54: 11.748333 | J54: Revised
F55: 2021 | G55: 5 | H55: 44409 | I55: 11.748333 | J55: Revised
F56: 2021 | G56: 5 | H56: 44440 | I56: 11.748333 | J56: Revised
F57: 2021 | G57: 5 | H57: 44470 | I57: 11.748333 | J57: Revised
F58: 2021 | G58: 5 | H58: 44501 | I58: 11.748333 | J58: Revised
F59: 2021 | G59: 5 | H59: 44531 | I59: 11.748333 | J59: Revised
F60: 2022 | G60: 5 | H60: 44562 | I60: 11.748333 | J60: Revised
F61: 2022 | G61: 5 | H61: 44593 | I61: 11.748333 | J61: Revised
F62: 2022 | G62: 5 | H62: 44621 | I62: 11.748333 | J62: Revised
F63: 2022 | G63: 5 | H63: 44652 | I63: 11.748333 | J63: Revised
F64: 2022 | G64: 5 | H64: 44682 | I64: 11.748333 | J64: Revised
... F477: 2056 | G477: 40 | H477: 57254 | I477: 26.226523 | J477: Revised

Sheet PowerhubCost
B5: 24 | C5: per system (2 PWs) per year
B6: 15 | C6: year duration
C8: Year | D8: 1 | E8: 2 | F8: 3 | G8: 4 | H8: 5 | I8: 6 | J8: 7 | K8: 8 | L8: 9 | M8: 10 | N8: 11 | O8: 12 | P8: 13 | Q8: 14 | R8: 15
D9: =IF(D8<=$B$6,$B$5,0) -> 24 | E9: =IF(E8<=$B$6,$B$5,0) -> 24 | F9: =IF(F8<=$B$6,$B$5,0) -> 24 | G9: =IF(G8<=$B$6,$B$5,0) -> 24 | H9: =IF(H8<=$B$6,$B$5,0) -> 24 | I9: =IF(I8<=$B$6,$B$5,0) -> 24 | J9: =IF(J8<=$B$6,$B$5,0) -> 24 | K9: =IF(K8<=$B$6,$B$5,0) -> 24 | ... R9: =IF(R8<=$B$6,$B$5,0) -> 24
B11: NPV | C11: =NPV('Rev Req''t'!G16,D9:R9) -> 232.80532

Sheet CustomerPay
B3: ='Single System'!J2 -> 55 | C3: per month
B4: 10 | C4: years
C6: Year | D6: 1 | E6: 2 | F6: 3 | G6: 4 | H6: 5 | I6: 6 | J6: 7 | K6: 8 | L6: 9 | M6: 10 | N6: 11 | O6: 12 | P6: 13 | Q6: 14 | R6: 15
C7: Monthly | D7: =IF(D6<=$B$4,$B$3*12,0) -> 660 | E7: =IF(E6<=$B$4,$B$3*12,0) -> 660 | F7: =IF(F6<=$B$4,$B$3*12,0) -> 660 | G7: =IF(G6<=$B$4,$B$3*12,0) -> 660 | H7: =IF(H6<=$B$4,$B$3*12,0) -> 660 | I7: =IF(I6<=$B$4,$B$3*12,0) -> 660 | J7: =IF(J6<=$B$4,$B$3*12,0) -> 660 | K7: =IF(K6<=$B$4,$B$3*12,0) -> 660 | ... R7: =IF(R6<=$B$4,$B$3*12,0) -> 0
C9: =NPV('Rev Req''t'!G16,CustomerPay!D7:R7) -> 4853.2944

Sheet Full Program
C4: Year | D4: 1 | E4: 2 | F4: 3 | G4: 4 | H4: 5 | I4: 6 | J4: 7 | K4: 8 | L4: 9 | M4: 10 | N4: 11 | O4: 12 | P4: 13 | Q4: 14 | R4: 15 | S4: 16 | T4: 17 | U4: 18
C5: Monthly Customers | D5: =500*0.8 -> 400 | E5: =500*0.8 -> 400 | F5: =500*0.8 -> 400
C6: Upfront Customers | D6: =500*0.2 -> 100 | E6: =500*0.2 -> 100 | F6: =500*0.2 -> 100
C8: Costs | V8: Lifetime NPV
C9: Equipment & Installation Costs Year 1 | D9: =-($D$5+$D$6)*'Rev Req''t'!G48 -> -1581741.7 | E9: =-($D$5+$D$6)*'Rev Req''t'!H48 -> -1488878.9 | F9: =-($D$5+$D$6)*'Rev Req''t'!I48 -> -1392064.2 | G9: =-($D$5+$D$6)*'Rev Req''t'!J48 -> -1308301.3 | H9: =-($D$5+$D$6)*'Rev Req''t'!K48 -> -1233580.8 | I9: =-($D$5+$D$6)*'Rev Req''t'!L48 -> -1161917.2 | J9: =-($D$5+$D$6)*'Rev Req''t'!M48 -> -1090253.6 | K9: =-($D$5+$D$6)*'Rev Req''t'!N48 -> -1023392.5 | ... U9: =-($D$5+$D$6)*'Rev Req''t'!X48 -> 0 | V9: =NPV('Rev Req''t'!$G$16,D9:R9) -> -9204268.1
C10: Equipment & Installation Costs Year 2 | D10: 0 | E10: =-(($E$5+$E$6)*'Rev Req''t'!G48) -> -1581741.7 | F10: =-(($E$5+$E$6)*'Rev Req''t'!H48) -> -1488878.9 | G10: =-(($E$5+$E$6)*'Rev Req''t'!I48) -> -1392064.2 | H10: =-(($E$5+$E$6)*'Rev Req''t'!J48) -> -1308301.3 | I10: =-(($E$5+$E$6)*'Rev Req''t'!K48) -> -1233580.8 | J10: =-(($E$5+$E$6)*'Rev Req''t'!L48) -> -1161917.2 | K10: =-(($E$5+$E$6)*'Rev Req''t'!M48) -> -1090253.6 | L10: =-(($E$5+$E$6)*'Rev Req''t'!N48) -> -1023392.5 | ... U10: =-(($E$5+$E$6)*'Rev Req''t'!W48) -> 0 | V10: =NPV('Rev Req''t'!$G$16,D10:R10) -> -8681718
C11: Equipment & Installation Costs Year 3 | D11: 0 | E11: 0 | F11: =-(($F$5+$F$6)*'Rev Req''t'!G48) -> -1581741.7 | G11: =-(($F$5+$F$6)*'Rev Req''t'!H48) -> -1488878.9 | H11: =-(($F$5+$F$6)*'Rev Req''t'!I48) -> -1392064.2 | I11: =-(($F$5+$F$6)*'Rev Req''t'!J48) -> -1308301.3 | J11: =-(($F$5+$F$6)*'Rev Req''t'!K48) -> -1233580.8 | K11: =-(($F$5+$F$6)*'Rev Req''t'!L48) -> -1161917.2 | L11: =-(($F$5+$F$6)*'Rev Req''t'!M48) -> -1090253.6 | M11: =-(($F$5+$F$6)*'Rev Req''t'!N48) -> -1023392.5 | ... U11: =-(($F$5+$F$6)*'Rev Req''t'!V48) -> 0 | V11: =NPV('Rev Req''t'!$G$16,D11:R11) -> -8188834.4
C12: Equipment & Installation Costs* | D12: =SUM(D9:D11) -> -1581741.7 | E12: =SUM(E9:E11) -> -3070620.6 | F12: =SUM(F9:F11) -> -4462684.8 | G12: =SUM(G9:G11) -> -4189244.4 | H12: =SUM(H9:H11) -> -3933946.3 | I12: =SUM(I9:I11) -> -3703799.3 | J12: =SUM(J9:J11) -> -3485751.6 | K12: =SUM(K9:K11) -> -3275563.3 | ... U12: =SUM(U9:U11) -> 0 | V12: =NPV('Rev Req''t'!$G$16,D12:U12) -> -26074820
C13: Software fees Year 1 | D13: =-SUM($D$5:$D$6)*PowerhubCost!D9 -> -12000 | E13: =-SUM($D$5:$D$6)*PowerhubCost!E9 -> -12000 | F13: =-SUM($D$5:$D$6)*PowerhubCost!F9 -> -12000 | G13: =-SUM($D$5:$D$6)*PowerhubCost!G9 -> -12000 | H13: =-SUM($D$5:$D$6)*PowerhubCost!H9 -> -12000 | I13: =-SUM($D$5:$D$6)*PowerhubCost!I9 -> -12000 | J13: =-SUM($D$5:$D$6)*PowerhubCost!J9 -> -12000 | K13: =-SUM($D$5:$D$6)*PowerhubCost!K9 -> -12000 | ... M13: =-SUM($D$5:$D$6)*PowerhubCost!M9 -> -12000 | N13: 0 | O13: 0 | P13: 0 | Q13: 0 | R13: 0 | S13: 0 | T13: 0 | U13: 0 | V13: =NPV('Rev Req''t'!$G$16,D13:R13) -> -88241.716
C14: Software fees Year 2 | D14: 0 | E14: =-SUM($E$5:$E$6)*PowerhubCost!D9 -> -12000 | F14: =-SUM($E$5:$E$6)*PowerhubCost!E9 -> -12000 | G14: =-SUM($E$5:$E$6)*PowerhubCost!F9 -> -12000 | H14: =-SUM($E$5:$E$6)*PowerhubCost!G9 -> -12000 | I14: =-SUM($E$5:$E$6)*PowerhubCost!H9 -> -12000 | J14: =-SUM($E$5:$E$6)*PowerhubCost!I9 -> -12000 | K14: =-SUM($E$5:$E$6)*PowerhubCost!J9 -> -12000 | L14: =-SUM($E$5:$E$6)*PowerhubCost!K9 -> -12000 | ... N14: =-SUM($E$5:$E$6)*PowerhubCost!M9 -> -12000 | O14: 0 | P14: 0 | Q14: 0 | R14: 0 | S14: 0 | T14: 0 | U14: 0 | V14: =NPV('Rev Req''t'!$G$16,D14:R14) -> -83232.006
C15: Software fees Year 3 | D15: 0 | E15: 0 | F15: =-SUM($F$5:$F$6)*PowerhubCost!D9 -> -12000 | G15: =-SUM($F$5:$F$6)*PowerhubCost!E9 -> -12000 | H15: =-SUM($F$5:$F$6)*PowerhubCost!F9 -> -12000 | I15: =-SUM($F$5:$F$6)*PowerhubCost!G9 -> -12000 | J15: =-SUM($F$5:$F$6)*PowerhubCost!H9 -> -12000 | K15: =-SUM($F$5:$F$6)*PowerhubCost!I9 -> -12000 | L15: =-SUM($F$5:$F$6)*PowerhubCost!J9 -> -12000 | M15: =-SUM($F$5:$F$6)*PowerhubCost!K9 -> -12000 | ... O15: =-SUM($F$5:$F$6)*PowerhubCost!M9 -> -12000 | P15: 0 | Q15: 0 | R15: 0 | S15: 0 | T15: 0 | U15: 0 | V15: =NPV('Rev Req''t'!$G$16,D15:R15) -> -78506.71
C16: Software Fees | D16: =SUM(D13:D15) -> -12000 | E16: =SUM(E13:E15) -> -24000 | F16: =SUM(F13:F15) -> -36000 | G16: =SUM(G13:G15) -> -36000 | H16: =SUM(H13:H15) -> -36000 | I16: =SUM(I13:I15) -> -36000 | J16: =SUM(J13:J15) -> -36000 | K16: =SUM(K13:K15) -> -36000 | ... U16: =SUM(U13:U15) -> 0 | V16: =NPV('Rev Req''t'!$G$16,D16:U16) -> -249980.43
C17: Total Costs | D17: =SUM(D12,D16) -> -1593741.7 | E17: =SUM(E12,E16) -> -3094620.6 | F17: =SUM(F12,F16) -> -4498684.8 | G17: =SUM(G12,G16) -> -4225244.4 | H17: =SUM(H12,H16) -> -3969946.3 | I17: =SUM(I12,I16) -> -3739799.3 | J17: =SUM(J12,J16) -> -3521751.6 | K17: =SUM(K12,K16) -> -3311563.3 | ... U17: =SUM(U12,U16) -> 0 | V17: =NPV('Rev Req''t'!$G$16,D17:U17) -> -26324801
C18: Revenues
C19: Power Supply Value Year 1 | D19: =($D$5+$D$6)*'Monthly Capacity Value'!C33 -> 585395 | E19: =($D$5+$D$6)*'Monthly Capacity Value'!D33 -> 752445 | F19: =($D$5+$D$6)*'Monthly Capacity Value'!E33 -> 826540 | G19: =($D$5+$D$6)*'Monthly Capacity Value'!F33 -> 830295 | H19: =($D$5+$D$6)*'Monthly Capacity Value'!G33 -> 858770 | I19: =($D$5+$D$6)*'Monthly Capacity Value'!H33 -> 926255 | J19: =($D$5+$D$6)*'Monthly Capacity Value'!I33 -> 953065 | K19: =($D$5+$D$6)*'Monthly Capacity Value'!J33 -> 985475 | ... S19: =($D$5+$D$6)*'Monthly Capacity Value'!R33 -> 0 | V19: =NPV('Rev Req''t'!$G$16,D19:S19) -> 7696139.4
C20: Power Supply Value Year 2 | D20: 0 | E20: =($E$5+$E$6)*'Monthly Capacity Value'!C33 -> 585395 | F20: =($E$5+$E$6)*'Monthly Capacity Value'!D33 -> 752445 | G20: =($E$5+$E$6)*'Monthly Capacity Value'!E33 -> 826540 | H20: =($E$5+$E$6)*'Monthly Capacity Value'!F33 -> 830295 | I20: =($E$5+$E$6)*'Monthly Capacity Value'!G33 -> 858770 | J20: =($E$5+$E$6)*'Monthly Capacity Value'!H33 -> 926255 | K20: =($E$5+$E$6)*'Monthly Capacity Value'!I33 -> 953065 | L20: =($E$5+$E$6)*'Monthly Capacity Value'!J33 -> 985475 | ... T20: =($E$5+$E$6)*'Monthly Capacity Value'!R33 -> 0 | V20: =NPV('Rev Req''t'!$G$16,D20:T20) -> 7259209.7
C21: Power Supply Value Year 3 | D21: 0 | E21: 0 | F21: =($F$5+$F$6)*'Monthly Capacity Value'!C33 -> 585395 | G21: =($F$5+$F$6)*'Monthly Capacity Value'!D33 -> 752445 | H21: =($F$5+$F$6)*'Monthly Capacity Value'!E33 -> 826540 | I21: =($F$5+$F$6)*'Monthly Capacity Value'!F33 -> 830295 | J21: =($F$5+$F$6)*'Monthly Capacity Value'!G33 -> 858770 | K21: =($F$5+$F$6)*'Monthly Capacity Value'!H33 -> 926255 | L21: =($F$5+$F$6)*'Monthly Capacity Value'!I33 -> 953065 | M21: =($F$5+$F$6)*'Monthly Capacity Value'!J33 -> 985475 | ... U21: =($F$5+$F$6)*'Monthly Capacity Value'!R33 -> 0 | V21: =NPV('Rev Req''t'!$G$16,D21:U21) -> 6847085.6
C22: Power Supply Value | D22: =SUM(D19:D21) -> 585395 | E22: =SUM(E19:E21) -> 1337840 | F22: =SUM(F19:F21) -> 2164380 | G22: =SUM(G19:G21) -> 2409280 | H22: =SUM(H19:H21) -> 2515605 | I22: =SUM(I19:I21) -> 2615320 | J22: =SUM(J19:J21) -> 2738090 | K22: =SUM(K19:K21) -> 2864795 | ... U22: =SUM(U19:U21) -> 0 | V22: =NPV('Rev Req''t'!$G$16,D22:U22) -> 21802435
C23: Tier 3 Value | D23: =SUM(D5:D6)*Assumptions!$B$15 -> 242500 | E23: =SUM(E5:E6)*Assumptions!$B$15 -> 242500 | F23: =SUM(F5:F6)*Assumptions!$B$15 -> 242500 | V23: =NPV('Rev Req''t'!$G$16,D23:U23) -> 647977.95
C24: Capitalized A&G | D24: =(D5+D6)*'Rev Req''t'!$F$22 -> 616955 | E24: =(E5+E6)*'Rev Req''t'!$F$22 -> 616955 | F24: =(F5+F6)*'Rev Req''t'!$F$22 -> 616955 | G24: =G5*'Rev Req''t'!$F$22 -> 0 | H24: =H5*'Rev Req''t'!$F$22 -> 0 | I24: =I5*'Rev Req''t'!$F$22 -> 0 | J24: =J5*'Rev Req''t'!$F$22 -> 0 | K24: =K5*'Rev Req''t'!$F$22 -> 0 | L24: =L5*'Rev Req''t'!$F$22 -> 0 | M24: =M5*'Rev Req''t'!$F$22 -> 0 | N24: =N5*'Rev Req''t'!$F$22 -> 0 | ... U24: =U5*'Rev Req''t'!$F$22 -> 0 | V24: =NPV('Rev Req''t'!$G$16,D24:U24) -> 1648549.4
C25: Customer Battery Payment (Upfront) | D25: =D6*5500 -> 550000 | E25: =E6*5500 -> 550000 | F25: =F6*5500 -> 550000 | G25: =G6*5500 -> 0 | H25: =H6*5500 -> 0 | I25: =I6*5500 -> 0 | J25: =J6*5500 -> 0 | K25: =K6*5500 -> 0 | ... U25: =U6*5500 -> 0 | V25: =NPV('Rev Req''t'!$G$16,D25:U25) -> 1469640.7
C26: Customer Battery Payment (monthly Yr 1) | D26: =$D$5*(55*12) -> 264000 | E26: =$D$5*(55*12) -> 264000 | F26: =$D$5*(55*12) -> 264000 | G26: =$D$5*(55*12) -> 264000 | H26: =$D$5*(55*12) -> 264000 | I26: =$D$5*(55*12) -> 264000 | J26: =$D$5*(55*12) -> 264000 | K26: =$D$5*(55*12) -> 264000 | ... M26: =$D$5*(55*12) -> 264000 | N26: 0 | O26: 0 | P26: 0 | Q26: =P26 -> 0 | R26: =Q26 -> 0 | S26: =R26 -> 0 | T26: =S26 -> 0 | U26: =T26 -> 0 | V26: =NPV('Rev Req''t'!$G$16,D26:U26) -> 1941317.8
C27: Customer Battery Payment (monthly Yr 2) | D27: 0 | E27: =$E$5*(55*12) -> 264000 | F27: =$E$5*(55*12) -> 264000 | G27: =$E$5*(55*12) -> 264000 | H27: =$E$5*(55*12) -> 264000 | I27: =$E$5*(55*12) -> 264000 | J27: =$E$5*(55*12) -> 264000 | K27: =$E$5*(55*12) -> 264000 | L27: =$E$5*(55*12) -> 264000 | ... N27: =$E$5*(55*12) -> 264000 | O27: 0 | P27: 0 | Q27: 0 | R27: 0 | S27: 0 | T27: 0 | U27: 0 | V27: =NPV('Rev Req''t'!$G$16,D27:U27) -> 1831104.1
C28: Customer Battery Payment (monthly Yr 3) | D28: 0 | E28: 0 | F28: =$F$5*(55*12) -> 264000 | G28: =$F$5*(55*12) -> 264000 | H28: =$F$5*(55*12) -> 264000 | I28: =$F$5*(55*12) -> 264000 | J28: =$F$5*(55*12) -> 264000 | K28: =$F$5*(55*12) -> 264000 | L28: =$F$5*(55*12) -> 264000 | M28: =$F$5*(55*12) -> 264000 | ... O28: =$F$5*(55*12) -> 264000 | P28: 0 | Q28: 0 | R28: 0 | S28: 0 | T28: 0 | U28: 0 | V28: =NPV('Rev Req''t'!$G$16,D28:U28) -> 1727147.6
C29: Customer Battery Payment (Monthly) | D29: =SUM(D26:D28) -> 264000 | E29: =SUM(E26:E28) -> 528000 | F29: =SUM(F26:F28) -> 792000 | G29: =SUM(G26:G28) -> 792000 | H29: =SUM(H26:H28) -> 792000 | I29: =SUM(I26:I28) -> 792000 | J29: =SUM(J26:J28) -> 792000 | K29: =SUM(K26:K28) -> 792000 | ... U29: =SUM(U26:U28) -> 0 | V29: =NPV('Rev Req''t'!$G$16,D29:U29) -> 5499569.5
C30: Total Revenue | D30: =SUM(D22,D24,D25,D29,D23) -> 2258850 | E30: =SUM(E22,E24,E25,E29,E23) -> 3275295 | F30: =SUM(F22,F24,F25,F29,F23) -> 4365835 | G30: =SUM(G22,G24,G25,G29,G23) -> 3201280 | H30: =SUM(H22,H24,H25,H29,H23) -> 3307605 | I30: =SUM(I22,I24,I25,I29,I23) -> 3407320 | J30: =SUM(J22,J24,J25,J29,J23) -> 3530090 | K30: =SUM(K22,K24,K25,K29,K23) -> 3656795 | ... U30: =SUM(U22,U24,U25,U29,U23) -> 0 | V30: =NPV('Rev Req''t'!$G$16,D30:U30) -> 31068172
C31: Net Benefit | D31: =D30+D17 -> 665108.31 | E31: =E30+E17 -> 180674.43 | F31: =F30+F17 -> -132849.77 | G31: =G30+G17 -> -1023964.4 | H31: =H30+H17 -> -662341.3 | I31: =I30+I17 -> -332479.3 | J31: =J30+J17 -> 8338.4037 | K31: =K30+K17 -> 345231.66 | ... U31: =U30+U17 -> 0 | V31: =NPV('Rev Req''t'!$G$16,D31:U31) -> 4743371.3
C33: *Includes 7.94% A&G allocation for all batteries.

Sheet Single System
H2: Customer Payment | J2: 55
B3: Powerwall install cost
B4: Total Rev Requirement | E4: =-Assumptions!B9*'Rev Req''t'!E49 -> -18413.186
B7: Software Fees | E7: =-PowerhubCost!C11 -> -232.80532
B9: Customer Contribution | E9: =CustomerPay!C9 -> 4853.2944
B11: FCM | E11: ='Monthly Capacity Value'!B31 -> 3098.016
B12: RNS | E12: ='Monthly Capacity Value'!B32 -> 10389.749
B13: Energy | E13: ='Monthly Capacity Value'!B30 -> 1904.5141
B14: Tier 3 | E14: =NPV('Rev Req''t'!G16,Assumptions!B15) -> 457.4653
B15: Capitalized A&G | E15: =NPV('Rev Req''t'!G16, 'Rev Req''t'!F22) -> 1163.8577
B16: Net Value | E16: =SUM(E4:E15) -> 3220.905

Sheet Attachment 3
C4: Year | D4: 1 | E4: 2 | F4: 3 | G4: 4 | H4: 5 | I4: 6 | J4: 7 | K4: 8 | L4: 9 | M4: 10 | N4: 11 | O4: 12 | P4: 13 | Q4: 14 | R4: 15 | S4: 16 | T4: 17 | U4: 18
C5: Monthly Customers | D5: =500*0.8 -> 400 | E5: =500*0.8 -> 400 | F5: =500*0.8 -> 400
C6: Upfront Customers | D6: =500*0.2 -> 100 | E6: =500*0.2 -> 100 | F6: =500*0.2 -> 100
C8: Costs | V8: Lifetime NPV
C9: Equipment & Installation Costs Year 1 | D9: =-($D$5+$D$6)*'Rev Req''t'!G48 -> -1581741.7 | E9: =-($D$5+$D$6)*'Rev Req''t'!H48 -> -1488878.9 | F9: =-($D$5+$D$6)*'Rev Req''t'!I48 -> -1392064.2 | G9: =-($D$5+$D$6)*'Rev Req''t'!J48 -> -1308301.3 | H9: =-($D$5+$D$6)*'Rev Req''t'!K48 -> -1233580.8 | I9: =-($D$5+$D$6)*'Rev Req''t'!L48 -> -1161917.2 | J9: =-($D$5+$D$6)*'Rev Req''t'!M48 -> -1090253.6 | K9: =-($D$5+$D$6)*'Rev Req''t'!N48 -> -1023392.5 | ... U9: =-($D$5+$D$6)*'Rev Req''t'!X48 -> 0 | V9: =NPV('Rev Req''t'!$G$16,D9:R9) -> -9204268.1
C10: Equipment & Installation Costs Year 2 | D10: 0 | E10: =-(($E$5+$E$6)*'Rev Req''t'!G48) -> -1581741.7 | F10: =-(($E$5+$E$6)*'Rev Req''t'!H48) -> -1488878.9 | G10: =-(($E$5+$E$6)*'Rev Req''t'!I48) -> -1392064.2 | H10: =-(($E$5+$E$6)*'Rev Req''t'!J48) -> -1308301.3 | I10: =-(($E$5+$E$6)*'Rev Req''t'!K48) -> -1233580.8 | J10: =-(($E$5+$E$6)*'Rev Req''t'!L48) -> -1161917.2 | K10: =-(($E$5+$E$6)*'Rev Req''t'!M48) -> -1090253.6 | L10: =-(($E$5+$E$6)*'Rev Req''t'!N48) -> -1023392.5 | ... U10: =-(($E$5+$E$6)*'Rev Req''t'!W48) -> 0 | V10: =NPV('Rev Req''t'!$G$16,D10:R10) -> -8681718
C11: Equipment & Installation Costs Year 3 | D11: 0 | E11: 0 | F11: =-(($F$5+$F$6)*'Rev Req''t'!G48) -> -1581741.7 | G11: =-(($F$5+$F$6)*'Rev Req''t'!H48) -> -1488878.9 | H11: =-(($F$5+$F$6)*'Rev Req''t'!I48) -> -1392064.2 | I11: =-(($F$5+$F$6)*'Rev Req''t'!J48) -> -1308301.3 | J11: =-(($F$5+$F$6)*'Rev Req''t'!K48) -> -1233580.8 | K11: =-(($F$5+$F$6)*'Rev Req''t'!L48) -> -1161917.2 | L11: =-(($F$5+$F$6)*'Rev Req''t'!M48) -> -1090253.6 | M11: =-(($F$5+$F$6)*'Rev Req''t'!N48) -> -1023392.5 | ... U11: =-(($F$5+$F$6)*'Rev Req''t'!V48) -> 0 | V11: =NPV('Rev Req''t'!$G$16,D11:R11) -> -8188834.4
C12: Equipment & Installation Costs* | D12: =SUM(D9:D11) -> -1581741.7 | E12: =SUM(E9:E11) -> -3070620.6 | F12: =SUM(F9:F11) -> -4462684.8 | G12: =SUM(G9:G11) -> -4189244.4 | H12: =SUM(H9:H11) -> -3933946.3 | I12: =SUM(I9:I11) -> -3703799.3 | J12: =SUM(J9:J11) -> -3485751.6 | K12: =SUM(K9:K11) -> -3275563.3 | ... U12: =SUM(U9:U11) -> 0 | V12: =NPV('Rev Req''t'!$G$16,D12:U12) -> -26074820
C13: Software fees Year 1 | D13: =-SUM($D$5:$D$6)*PowerhubCost!D9 -> -12000 | E13: =-SUM($D$5:$D$6)*PowerhubCost!E9 -> -12000 | F13: =-SUM($D$5:$D$6)*PowerhubCost!F9 -> -12000 | G13: =-SUM($D$5:$D$6)*PowerhubCost!G9 -> -12000 | H13: =-SUM($D$5:$D$6)*PowerhubCost!H9 -> -12000 | I13: =-SUM($D$5:$D$6)*PowerhubCost!I9 -> -12000 | J13: =-SUM($D$5:$D$6)*PowerhubCost!J9 -> -12000 | K13: =-SUM($D$5:$D$6)*PowerhubCost!K9 -> -12000 | ... M13: =-SUM($D$5:$D$6)*PowerhubCost!M9 -> -12000 | N13: 0 | O13: 0 | P13: 0 | Q13: 0 | R13: 0 | S13: 0 | T13: 0 | U13: 0 | V13: =NPV('Rev Req''t'!$G$16,D13:R13) -> -88241.716
C14: Software fees Year 2 | D14: 0 | E14: =-SUM($E$5:$E$6)*PowerhubCost!D9 -> -12000 | F14: =-SUM($E$5:$E$6)*PowerhubCost!E9 -> -12000 | G14: =-SUM($E$5:$E$6)*PowerhubCost!F9 -> -12000 | H14: =-SUM($E$5:$E$6)*PowerhubCost!G9 -> -12000 | I14: =-SUM($E$5:$E$6)*PowerhubCost!H9 -> -12000 | J14: =-SUM($E$5:$E$6)*PowerhubCost!I9 -> -12000 | K14: =-SUM($E$5:$E$6)*PowerhubCost!J9 -> -12000 | L14: =-SUM($E$5:$E$6)*PowerhubCost!K9 -> -12000 | ... N14: =-SUM($E$5:$E$6)*PowerhubCost!M9 -> -12000 | O14: 0 | P14: 0 | Q14: 0 | R14: 0 | S14: 0 | T14: 0 | U14: 0 | V14: =NPV('Rev Req''t'!$G$16,D14:R14) -> -83232.006
C15: Software fees Year 3 | D15: 0 | E15: 0 | F15: =-SUM($F$5:$F$6)*PowerhubCost!D9 -> -12000 | G15: =-SUM($F$5:$F$6)*PowerhubCost!E9 -> -12000 | H15: =-SUM($F$5:$F$6)*PowerhubCost!F9 -> -12000 | I15: =-SUM($F$5:$F$6)*PowerhubCost!G9 -> -12000 | J15: =-SUM($F$5:$F$6)*PowerhubCost!H9 -> -12000 | K15: =-SUM($F$5:$F$6)*PowerhubCost!I9 -> -12000 | L15: =-SUM($F$5:$F$6)*PowerhubCost!J9 -> -12000 | M15: =-SUM($F$5:$F$6)*PowerhubCost!K9 -> -12000 | ... O15: =-SUM($F$5:$F$6)*PowerhubCost!M9 -> -12000 | P15: 0 | Q15: 0 | R15: 0 | S15: 0 | T15: 0 | U15: 0 | V15: =NPV('Rev Req''t'!$G$16,D15:R15) -> -78506.71
C16: Software Fees | D16: =SUM(D13:D15) -> -12000 | E16: =SUM(E13:E15) -> -24000 | F16: =SUM(F13:F15) -> -36000 | G16: =SUM(G13:G15) -> -36000 | H16: =SUM(H13:H15) -> -36000 | I16: =SUM(I13:I15) -> -36000 | J16: =SUM(J13:J15) -> -36000 | K16: =SUM(K13:K15) -> -36000 | ... U16: =SUM(U13:U15) -> 0 | V16: =NPV('Rev Req''t'!$G$16,D16:U16) -> -249980.43
C17: Total Costs | D17: =SUM(D12,D16) -> -1593741.7 | E17: =SUM(E12,E16) -> -3094620.6 | F17: =SUM(F12,F16) -> -4498684.8 | G17: =SUM(G12,G16) -> -4225244.4 | H17: =SUM(H12,H16) -> -3969946.3 | I17: =SUM(I12,I16) -> -3739799.3 | J17: =SUM(J12,J16) -> -3521751.6 | K17: =SUM(K12,K16) -> -3311563.3 | ... U17: =SUM(U12,U16) -> 0 | V17: =NPV('Rev Req''t'!$G$16,D17:U17) -> -26324801
C18: Revenues
C19: Power Supply Value Year 1 | D19: =($D$5+$D$6)*'Monthly Capacity Value'!C33 -> 585395 | E19: =($D$5+$D$6)*'Monthly Capacity Value'!D33 -> 752445 | F19: =($D$5+$D$6)*'Monthly Capacity Value'!E33 -> 826540 | G19: =($D$5+$D$6)*'Monthly Capacity Value'!F33 -> 830295 | H19: =($D$5+$D$6)*'Monthly Capacity Value'!G33 -> 858770 | I19: =($D$5+$D$6)*'Monthly Capacity Value'!H33 -> 926255 | J19: =($D$5+$D$6)*'Monthly Capacity Value'!I33 -> 953065 | K19: =($D$5+$D$6)*'Monthly Capacity Value'!J33 -> 985475 | ... S19: =($D$5+$D$6)*'Monthly Capacity Value'!R33 -> 0 | V19: =NPV('Rev Req''t'!$G$16,D19:S19) -> 7696139.4
C20: Power Supply Value Year 2 | D20: 0 | E20: =($E$5+$E$6)*'Monthly Capacity Value'!C33 -> 585395 | F20: =($E$5+$E$6)*'Monthly Capacity Value'!D33 -> 752445 | G20: =($E$5+$E$6)*'Monthly Capacity Value'!E33 -> 826540 | H20: =($E$5+$E$6)*'Monthly Capacity Value'!F33 -> 830295 | I20: =($E$5+$E$6)*'Monthly Capacity Value'!G33 -> 858770 | J20: =($E$5+$E$6)*'Monthly Capacity Value'!H33 -> 926255 | K20: =($E$5+$E$6)*'Monthly Capacity Value'!I33 -> 953065 | L20: =($E$5+$E$6)*'Monthly Capacity Value'!J33 -> 985475 | ... T20: =($E$5+$E$6)*'Monthly Capacity Value'!R33 -> 0 | V20: =NPV('Rev Req''t'!$G$16,D20:T20) -> 7259209.7
C21: Power Supply Value Year 3 | D21: 0 | E21: 0 | F21: =($F$5+$F$6)*'Monthly Capacity Value'!C33 -> 585395 | G21: =($F$5+$F$6)*'Monthly Capacity Value'!D33 -> 752445 | H21: =($F$5+$F$6)*'Monthly Capacity Value'!E33 -> 826540 | I21: =($F$5+$F$6)*'Monthly Capacity Value'!F33 -> 830295 | J21: =($F$5+$F$6)*'Monthly Capacity Value'!G33 -> 858770 | K21: =($F$5+$F$6)*'Monthly Capacity Value'!H33 -> 926255 | L21: =($F$5+$F$6)*'Monthly Capacity Value'!I33 -> 953065 | M21: =($F$5+$F$6)*'Monthly Capacity Value'!J33 -> 985475 | ... U21: =($F$5+$F$6)*'Monthly Capacity Value'!R33 -> 0 | V21: =NPV('Rev Req''t'!$G$16,D21:U21) -> 6847085.6
C22: Power Supply Value | D22: =SUM(D19:D21) -> 585395 | E22: =SUM(E19:E21) -> 1337840 | F22: =SUM(F19:F21) -> 2164380 | G22: =SUM(G19:G21) -> 2409280 | H22: =SUM(H19:H21) -> 2515605 | I22: =SUM(I19:I21) -> 2615320 | J22: =SUM(J19:J21) -> 2738090 | K22: =SUM(K19:K21) -> 2864795 | ... U22: =SUM(U19:U21) -> 0 | V22: =NPV('Rev Req''t'!$G$16,D22:U22) -> 21802435
C23: Tier 3 Value | D23: =SUM(D5:D6)*Assumptions!$B$15 -> 242500 | E23: =SUM(E5:E6)*Assumptions!$B$15 -> 242500 | F23: =SUM(F5:F6)*Assumptions!$B$15 -> 242500 | V23: =NPV('Rev Req''t'!$G$16,D23:U23) -> 647977.95
C24: Capitalized A&G | D24: =(D5+D6)*'Rev Req''t'!$F$22 -> 616955 | E24: =(E5+E6)*'Rev Req''t'!$F$22 -> 616955 | F24: =(F5+F6)*'Rev Req''t'!$F$22 -> 616955 | G24: =G5*'Rev Req''t'!$F$22 -> 0 | H24: =H5*'Rev Req''t'!$F$22 -> 0 | I24: =I5*'Rev Req''t'!$F$22 -> 0 | J24: =J5*'Rev Req''t'!$F$22 -> 0 | K24: =K5*'Rev Req''t'!$F$22 -> 0 | L24: =L5*'Rev Req''t'!$F$22 -> 0 | M24: =M5*'Rev Req''t'!$F$22 -> 0 | N24: =N5*'Rev Req''t'!$F$22 -> 0 | ... U24: =U5*'Rev Req''t'!$F$22 -> 0 | V24: =NPV('Rev Req''t'!$G$16,D24:U24) -> 1648549.4
C25: Customer Battery Payment (Upfront) | D25: =D6*5500 -> 550000 | E25: =E6*5500 -> 550000 | F25: =F6*5500 -> 550000 | G25: =G6*5500 -> 0 | H25: =H6*5500 -> 0 | I25: =I6*5500 -> 0 | J25: =J6*5500 -> 0 | K25: =K6*5500 -> 0 | ... U25: =U6*5500 -> 0 | V25: =NPV('Rev Req''t'!$G$16,D25:U25) -> 1469640.7
C26: Customer Battery Payment (monthly Yr 1) | D26: =$D$5*(55*12) -> 264000 | E26: =$D$5*(55*12) -> 264000 | F26: =$D$5*(55*12) -> 264000 | G26: =$D$5*(55*12) -> 264000 | H26: =$D$5*(55*12) -> 264000 | I26: =$D$5*(55*12) -> 264000 | J26: =$D$5*(55*12) -> 264000 | K26: =$D$5*(55*12) -> 264000 | ... M26: =$D$5*(55*12) -> 264000 | N26: 0 | O26: 0 | P26: 0 | Q26: =P26 -> 0 | R26: =Q26 -> 0 | S26: =R26 -> 0 | T26: =S26 -> 0 | U26: =T26 -> 0 | V26: =NPV('Rev Req''t'!$G$16,D26:U26) -> 1941317.8
C27: Customer Battery Payment (monthly Yr 2) | D27: 0 | E27: =$E$5*(55*12) -> 264000 | F27: =$E$5*(55*12) -> 264000 | G27: =$E$5*(55*12) -> 264000 | H27: =$E$5*(55*12) -> 264000 | I27: =$E$5*(55*12) -> 264000 | J27: =$E$5*(55*12) -> 264000 | K27: =$E$5*(55*12) -> 264000 | L27: =$E$5*(55*12) -> 264000 | ... N27: =$E$5*(55*12) -> 264000 | O27: 0 | P27: 0 | Q27: 0 | R27: 0 | S27: 0 | T27: 0 | U27: 0 | V27: =NPV('Rev Req''t'!$G$16,D27:U27) -> 1831104.1
C28: Customer Battery Payment (monthly Yr 3) | D28: 0 | E28: 0 | F28: =$F$5*(55*12) -> 264000 | G28: =$F$5*(55*12) -> 264000 | H28: =$F$5*(55*12) -> 264000 | I28: =$F$5*(55*12) -> 264000 | J28: =$F$5*(55*12) -> 264000 | K28: =$F$5*(55*12) -> 264000 | L28: =$F$5*(55*12) -> 264000 | M28: =$F$5*(55*12) -> 264000 | ... O28: =$F$5*(55*12) -> 264000 | P28: 0 | Q28: 0 | R28: 0 | S28: 0 | T28: 0 | U28: 0 | V28: =NPV('Rev Req''t'!$G$16,D28:U28) -> 1727147.6
C29: Customer Battery Payment (Monthly) | D29: =SUM(D26:D28) -> 264000 | E29: =SUM(E26:E28) -> 528000 | F29: =SUM(F26:F28) -> 792000 | G29: =SUM(G26:G28) -> 792000 | H29: =SUM(H26:H28) -> 792000 | I29: =SUM(I26:I28) -> 792000 | J29: =SUM(J26:J28) -> 792000 | K29: =SUM(K26:K28) -> 792000 | ... U29: =SUM(U26:U28) -> 0 | V29: =NPV('Rev Req''t'!$G$16,D29:U29) -> 5499569.5
C30: Total Revenue | D30: =SUM(D22,D24,D25,D29,D23) -> 2258850 | E30: =SUM(E22,E24,E25,E29,E23) -> 3275295 | F30: =SUM(F22,F24,F25,F29,F23) -> 4365835 | G30: =SUM(G22,G24,G25,G29,G23) -> 3201280 | H30: =SUM(H22,H24,H25,H29,H23) -> 3307605 | I30: =SUM(I22,I24,I25,I29,I23) -> 3407320 | J30: =SUM(J22,J24,J25,J29,J23) -> 3530090 | K30: =SUM(K22,K24,K25,K29,K23) -> 3656795 | ... U30: =SUM(U22,U24,U25,U29,U23) -> 0 | V30: =NPV('Rev Req''t'!$G$16,D30:U30) -> 31068172
C31: Net Benefit | D31: =D30+D17 -> 665108.31 | E31: =E30+E17 -> 180674.43 | F31: =F30+F17 -> -132849.77 | G31: =G30+G17 -> -1023964.4 | H31: =H30+H17 -> -662341.3 | I31: =I30+I17 -> -332479.3 | J31: =J30+J17 -> 8338.4037 | K31: =K30+K17 -> 345231.66 | ... U31: =U30+U17 -> 0 | V31: =NPV('Rev Req''t'!$G$16,D31:U31) -> 4743371.3
C33: *Includes 7.57% A&G allocation for all batteries.
